 Dungeon Crawl Stone Soup version 0.30.0-29-ga12c61a403 (webtiles) character file.

Game seed: 9399549702490924465

501070 qw the Slayer (level 24, -11/171 HPs)
             Began as a Gargoyle Fighter on June 3, 2023.
             Was an Elder of Okawaru.
             Mangled by a green draconian monk (14 damage)
             ... led by a green draconian monk
             ... on level 2 of the Realm of Zot.
             The game lasted 00:33:10 (51180 turns).

qw the Slayer (Gargoyle Fighter)                   Turns: 51180, Time: 00:33:11

Health: -11/171    AC: 60    Str: 32    XL:     24   Next: 91%
Magic:  0/30       EV: 22    Int:  5    God:    Okawaru [****..]
Gold:   2270       SH: 35    Dex: 14    Spells: 23/23 levels left

rFire   + + .        h - +6 broad axe (spect)
rCold   + . .        y - +10 tower shield of Ignorance {rN+ Int-4}
rNeg    + + .        u - +4 chain mail of Weightlessness {rF+ Regen+ Str+2}
rPois   inf          z - +2 hat {Will+}
rElec   +            O - +2 cloak {Will+}
rCorr   .            e - +2 pair of gloves
SInv    .            q - +4 pair of boots of the Jumping Gods {rF+ rC+ Dex+5}
Will    ++++.        A - amulet of regeneration Stlth
                     c - +5 ring of evasion
HPRegen 2.08/turn    N - +4 ring of protection
MPRegen 0.22/turn

%: no passive effects
@: about to teleport, heroic, flying
A: sickness immunity, AC +18, big wings, negative energy resistance 1,
electricity resistance, torment resistance 1, petrification resistance, dopey 1,
strong-willed 1, devolution 1
}: 3/15 runes: serpentine, barnacled, silver
a: Renounce Religion, Heroism, Finesse


You were on level 2 of the Realm of Zot.
You worshipped Okawaru.
Okawaru was greatly pleased with you.
You visited 9 branches of the dungeon, and saw 43 of its levels.
You also visited: Sewer.

You collected 7187 gold pieces.
You spent 4917 gold pieces at shops.


Innate Abilities, Weirdness & Mutations

You are immune to sickness and miasma.
Your stone body is resilient. (AC +18)
You are immune to poison.
Your large and strong wings let you fly.
You resist negative energy. (rN+)
You are resistant to electric shocks. (rElec)
You are resistant to unholy torment.
You are immune to petrification.
You are dopey. (Int -2)
You are strong-willed. (Will+)
You have hidden genetic defects.


   Skills:
 + Level 23.3(27) Fighting
 - Level 18.0(23.0) Axes
 - Level 13.1(18.1) Throwing
 - Level 21.0(26.0) Armour
 - Level 10.0(15.0) Dodging
 - Level 22.0(27) Shields
 - Level 10.1 Invocations


You had 23 spell levels left.
You didn't know any spells.
Your spell library was empty.

Inventory:

Hand Weapons
 h - a +6 spectral broad axe (weapon)
Missiles
 C - 20 javelins
 I - 4 silver javelins (quivered)
Armour
 e - a +2 pair of gloves (worn)
 q - the +4 pair of boots of the Jumping Gods (worn) {rF+ rC+ Dex+5}
   (Okawaru gifted it to you on level 5 of the Vaults)

   Dex:       It affects your dexterity (+5).
   rF:        It protects you from fire.
   rC:        It protects you from cold.
 u - the +4 chain mail of Weightlessness (worn) {rF+ Regen+ Str+2}
   (You bought it in a shop on level 1 of the Vaults)

   Str:       It affects your strength (+2).
   rF:        It protects you from fire.
   Regen:     It increases your rate of health regeneration.
 y - the +10 tower shield of Ignorance (worn) {rN+ Int-4}
   (You acquired it on level 2 of the Snake Pit)

   Int:       It affects your intelligence (-4).
   rN:        It protects you from negative energy.
 z - a +2 hat of willpower (worn)
 E - the +1 chain mail of the Accordion {rPois rCorr}
   (Okawaru gifted it to you on level 2 of the Vaults)

   rPois:     It protects you from poison.
   rCorr:     It protects you from acid and corrosion.
 F - +0 gold dragon scales
 H - the +2 pair of boots of the Valley {-Cast rF+ rCorr}
   (You found it on level 1 of the Depths)

   rF:        It protects you from fire.
   -Cast:     It prevents spellcasting.
   rCorr:     It protects you from acid and corrosion.
 J - a +3 plate armour of cold resistance
 O - a +2 cloak of willpower (worn)
Jewellery
 c - a +5 ring of evasion (left hand)
 n - a ring of protection from cold
 s - a ring of protection from cold
 t - the ring of Poen {Ice Will- Str+5 Stlth+}
   (You found it on level 5 of the Dungeon)

   [ring of ice]

   It enhances your ice magic.
   Str:       It affects your strength (+5).
   rF:        It makes you vulnerable to fire.
   rC:        It protects you from cold.
   Will:      It decreases your willpower.
   Stlth:     It makes you more stealthy.
 w - the amulet of Pragmatism {RegenMP rF- rC+++ Int-4 Dex+3}
   (You found it on level 1 of the Depths)

   [amulet of magic regeneration]

   It increases your rate of magic regeneration.
   Int:       It affects your intelligence (-4).
   Dex:       It affects your dexterity (+3).
   rF:        It makes you vulnerable to fire.
   rC:        It renders you almost immune to cold.
 x - a ring of protection from fire
 A - an amulet of regeneration (around neck)
 K - the ring "Nameann" {rF+ Int+6}
   (You bought it in a shop on level 2 of the Orcish Mines)

   [ring of intelligence]

   Int:       It affects your intelligence (+6).
   rF:        It protects you from fire.
 M - a ring of resist corrosion
 N - a +4 ring of protection (right hand)
Wands
 G - a wand of digging (21)
Scrolls
 a - 32 scrolls of identify
 k - 12 scrolls of teleportation
 B - 3 scrolls of brand weapon
Potions
 d - 9 potions of might
 g - 11 potions of lignification
 i - 14 potions of attraction
 j - 9 potions of resistance
 l - 15 potions of mutation
 m - 3 potions of cancellation
 o - 18 potions of curing
 p - 8 potions of magic
 r - 10 potions of haste

Dungeon Overview and Level Annotations

Branches:
Dungeon (15/15)            Temple (1/1) D:4            Lair (5/5) D:9
 Shoals (4/4) Lair:3        Snake (4/4) Lair:3        Slime (0/5) Lair:4
    Orc (2/2) D:10            Elf (0/3) Orc:2        Vaults (5/5) D:14
  Crypt (0/3) Vaults:2     Depths (4/4) D:15            Zot (3/5) Depths:4
  Sewer (visited)

Altars:
Ashenzari
Cheibriados
Dithmenos
Elyvilon
Fedhas
Gozag
Hepliaklqana
Kikubaaqudgha
Makhleb
Nemelex Xobeh
Okawaru
Qazlal
Ru
Sif Muna
Trog
Uskayaw
Vehumet
Wu Jian
Xom
Yredelemnul
Zin
The Shining One
Lugonu

Shops:
D:14 *   Orc:1 :(!(:   Orc:2 =(*?   Snake:2 [?*   Snake:3 =   Snake:4 (:**:
Vaults:1 [   Vaults:3 ?

Portals:
Hell: Depths:1 Depths:2 Depths:3 Depths:4
Abyss: Shoals:3 Depths:3
Pandemonium: Depths:2 Depths:3
Ziggurat: Depths:4
Trove: D:15 (show slimy rune of Zot)

Annotations:
D:6 1 runed translucent door, qw's ghost, novice GrFi
D:7 1 runed translucent door, Crazy Yiuf
D:14 3 runed translucent doors, Imiczer's ghost, journeyman FoFi
Shoals:3 1 runed translucent door
Snake:3 1 runed translucent door, qw's ghost, adept GrFi


Message History

The green draconian monk hits you!
You block the green draconian monk's attack. x2
The green draconian monk completely misses you.
You hear some strange, mumbled words.
A shard of ice appears from out of thin air!
The shard of ice misses you.
The green draconian completely misses you.
The green draconian tail-slaps you but does no damage.
You block the green draconian monk's attack. x2
The green draconian monk tail-slaps you but does no damage. x2
The red draconian misses you.
The green draconian monk completely misses you.
The green draconian monk kicks you.
You block the green draconian monk's attack.
The green draconian monk tail-slaps you but does no damage.
The green draconian closely misses you.
The green draconian tail-slaps you but does no damage.
You hear some strange, mumbled words.
A shard of ice appears from out of thin air!
The shard of ice misses you.
The green draconian monk hits you but does no damage.
The green draconian monk kicks you.
The green draconian monk tail-slaps you!
You block the green draconian monk's attack.
You closely miss the red draconian.
The red draconian is severely wounded.
You barely miss the green draconian monk.
You slice the green draconian monk!!
You hit the green draconian but do no damage.
Something blocks your attack. You block the red draconian's attack.
You block the green draconian monk's attack.
The green draconian monk kicks you!!
You block the green draconian monk's attack. x2
The green draconian hits you but does no damage.
You block the green draconian's attack. Something hits you but does no damage.
The green draconian monk closely misses you.
The green draconian monk kicks you but does no damage.
The green draconian monk tail-slaps you!
You die...

# ##.## ##....# #..............
## ##.##
##.....###...######.....
.###.#####.....##...### ##.....
....##.........##...# ##....#.
....##.........##...# ##.....#.
.....[.............## ##......#.
.##................# ##...#...##
######..####...q{d#####.)<######
# ##..# #...q@## #..))## ##...#
#...d## ##...##
####.#..####...## ##.^).#
#.........#....####...###
..>....)..<.....##...##
.?.................)##
...####....##......######
..###......#......[##...# ###
#...)..#........#...###


You could see 2 draconians, a green draconian (berserk) and a red draconian
(berserk).

Vanquished Creatures
  2 ancient liches (Vaults:5)
  A dread lich (Vaults:5)
  An orb of fire (Zot:1)
  A juggernaut (Depths:3)
  Vashnia (Snake:3)
  Bai Suzhen (Snake:4)
  Margery (Depths:3)
  Saint Roka (Orc:2)
  A curse toe (Zot:1)
  A caustic shrike (Depths:3)
  11 golden dragons
  Nikola (Shoals:4)
  Jory (Vaults:2)
  An electric golem (Zot:1)
  Jorgrun (Shoals:3)
  A walking crystal tome (Depths:2)
  12 tentacled monstrosities
  5 titans
  3 liches
  Asterion (Snake:1)
  4 quicksilver dragons
  2 krakens
  Gastronok (Lair:2)
  8 death cobs
  14 storm dragons
  5 sphinxes
  4 draconian monks
  6 nagarajas
  10 tengu reavers
  6 shadow dragons
  Kirke (D:12)
  Ilsuiw (Shoals:4)
  11 fire giants
  2 draconian knights (Zot:1)
  2 deep elf sorcerers
  2 draconian shifters (Zot:1)
  Louise (D:14)
  2 iron dragons
  11 frost giants
  A curse skull (Vaults:2)
  A ghost moth (Zot:3)
  Aizul (Snake:2)
  15 vault wardens
  2 draconian stormcallers
  3 draconian scorchers (Zot:1)
  3 spriggan defenders (Depths:4)
  14 ironbound preservers
  3 orc warlords
  A reaper (Depths:2)
  7 war gargoyles
  A draconian annihilator (Zot:1)
  14 stone giants
  9 ironbound thunderhulks
  15 very ugly things
  3 green draconians (Zot:1)
  A vampire knight (Depths:2)
  A lorocyproca (Depths:3)
  A deep elf demonologist (Vaults:5)
  A deep elf annihilator (Vaults:5)
  5 white draconians
  10 black draconians
  5 dire elephants (Vaults:1)
  4 red draconians
  13 spark wasps
  8 yellow draconians
  6 purple draconians
  3 deep elf death magi
  4 merfolk javelineers
  A blizzard demon (Depths:2)
  10 ettins
  11 merfolk impalers
  2 entropy weavers
  6 fire dragons
  A deep elf high priest (Vaults:5)
  28 vault guards
  25 yaktaur captains
  5 great orbs of eyes
  Erolcha (D:10)
  6 ice dragons
  3 hydras
  An ice dragon (shapeshifter) (Vaults:5)
  5 spriggan air magi
  2 ogre magi
  4 rakshasas
  2 hell beasts (Depths:2)
  A jorogumo (shapeshifter) (Vaults:3)
  3 merfolk avatars
  2 peacekeepers
  4 salamander tyrants (Snake:4)
  13 ironbound frosthearts
  An alligator snapping turtle (Shoals:3)
  6 boulder beetles
  7 anacondas
  10 naga warriors
  22 centaur warriors
  A satyr (Shoals:4)
  2 dancing weapons (D:14)
  A death knight (D:14)
  6 merfolk aquamancers (Shoals:4)
  A two-headed ogre (D:14)
  3 death yaks (Shoals:3)
  2 catoblepae
  2 tengu warriors
  7 deep troll earth magi
  6 shock serpents
  7 deep troll shamans
  14 naga sharpshooters
  4 hell knights (Depths:3)
  2 vampire magi (Depths:4)
  7 spriggan berserkers
  2 deep elf knights (Vaults:5)
  Nergalle (D:12)
  4 salamander mystics
  8 iron trolls
  3 flayed ghosts
  3 skeletal warriors
  37 deep trolls
  11 sea snakes
  A spark wasp zombie (D:15)
  7 glowing orange brains
  Lodul (D:13)
  5 naga ritualists
  7 skysharks
  22 ironbound convokers
  A tengu zombie (D:15)
  14 orc knights
  5 phantasmal warriors (Vaults:5)
  A shadow dragon zombie (D:15)
  11 lindwurms
  11 wizards
  8 harpies
  2 deep elf zephyrmancers (Vaults:5)
  3 necromancers
  6 deep elf pyromancers
  7 mana vipers
  41 ugly things
  An orc sorcerer (Orc:2)
  A tengu skeleton (D:15)
  6 cyclopes
  12 elephants
  A faun (Shoals:1)
  9 manticores
  30 salamanders
  16 moths of wrath
  12 merfolk sirens
  An elephant (shapeshifter) (Vaults:2)
  An apocalypse crab (Shoals:3)
  35 black mambas
  5 water nymphs
  6 guardian serpents
  17 vault sentinels
  An eye of devastation (shapeshifter) (Vaults:5)
  12 naga magi
  A torpor snail (Lair:1)
  2 gargoyles
  An orange demon (Depths:3)
  4 rime drakes
  14 cane toads
  2 unseen horrors
  4 kobold demonologists
  4 freezing wraiths
  3 tengu conjurers
  An efreet (D:15)
  9 komodo dragons
  A red devil (Depths:3)
  39 yaktaurs
  18 merfolk
  9 trolls
  8 wind drakes
  A tarantella (shapeshifter) (Vaults:5)
  A hellwing (Depths:3)
  9 polar bears (Lair:5)
  10 hornets
  A polar bear (shapeshifter) (Depths:1)
  14 snapping turtles
  8 dream sheep
  33 slime creatures
  A flying skull (Vaults:2)
  15 spriggans
  A centaur simulacrum (D:15)
  A wyvern (shapeshifter) (Vaults:5)
  A shadow (D:12)
  A hog (shapeshifter) (Vaults:5)
  2 water elementals
  54 yaks
  3 basilisks
  5 hogs (D:12)
  2 wyverns
  A redback (shapeshifter) (Vaults:5)
  A chaos spawn (Depths:3)
  A warg (Orc:1)
  3 acid dragons
  43 nagas
  A steam dragon (D:8)
  12 water moccasins
  2 floating eyes
  45 orc warriors
  A sky beast (D:7)
  5 black bears
  10 ogres
  19 wolves (Lair:5)
  19 centaurs
  5 boggarts (Lair:5)
  4 kobold brigands
  4 bullfrogs
  A scorpion (D:4)
  2 gnoll sergeants
  4 wights (D:8)
  A killer bee (D:10)
  3 electric eels
  5 lava snakes
  12 orc priests
  14 hounds
  2 gnoll boudas
  Jessica (D:3)
  2 sleepcaps
  Ijyb (D:3)
  Natasha (thrice) (D:3)
  6 iguanas
  19 orc wizards
  2 hell rats (Lair:3)
  21 gnolls
  14 adders
  17 river rats
  A shadow imp (D:7)
  14 white imps
  2 worms
  3 dart slugs
  69 orcs
  3 bats
  11 endoplasms
  7 giant cockroaches
  8 goblins
  7 hobgoblins
  5 jackals
  35 kobolds
  5 quokkas
  9 ball pythons
  A frilled lizard (D:2)
  22 rats
  A butterfly (Lair:3)
  A spectral weapon (Snake:1)
  6 tentacles
1730 creatures vanquished.

Vanquished Creatures (others)
  A draconian knight (Zot:1)
  A salamander tyrant (Snake:4)
  An orc (Orc:2)
  103 spectral weapons
  7 tentacles
113 creatures vanquished.

Grand Total: 1843 creatures vanquished

Notes
Turn   | Place    | Note
-------+----------+-------------------------------------------
     0 | D:1      | qw the Gargoyle Fighter began the quest for the Orb.
     0 | D:1      | Reached XP level 1. HP: 14/14 MP: 1/1
     0 | D:1      | 0 ||| qw: Version: 0.2-a-103-g5a998e5
     0 | D:1      | 0 ||| qw: Game counter: 1050
     0 | D:1      | 0 ||| qw: Always use a shield: true
     0 | D:1      | 0 ||| qw: God list: Okawaru
     0 | D:1      | 0 ||| qw: Allow faded altars: false
     0 | D:1      | 0 ||| qw: Do Orc after D:15 true
     0 | D:1      | 0 ||| qw: Do second Lair branch before Depths: true
     0 | D:1      | 0 ||| qw: Lair rune preference: random
     0 | D:1      | 0 ||| qw: Plans: Normal, Zot:1-4, Slime:5, God:TSO, Crypt,
                  | Tomb, Pan, Hells, Abyss, Win
     0 | D:1      | 0 ||| PLANNING D:1-11
    28 | D:1      | Reached XP level 2. HP: 19/19 MP: 2/2
    34 | D:1      | Found a sparkling altar of Nemelex Xobeh.
    46 | D:1      | 46 ||| Stepping ~*~*~tactically~*~*~ (stealth).
   113 | D:1      | 113 ||| DROPPING +0 club.
   249 | D:1      | Found a faded altar of an unknown god.
   312 | D:1      | Reached skill level 3 in Axes
   388 | D:1      | Reached XP level 3. HP: 19/23 MP: 3/3
   439 | D:1      | 439 ||| Stepping ~*~*~tactically~*~*~ (hiding).
   631 | D:1      | 631 ||| UPGRADING to +0 pair of gloves.
   636 | D:1      | 636 ||| UPGRADING to +0 chain mail.
   646 | D:1      | 646 ||| DROPPING +0 scale mail.
   647 | D:1      | 647 ||| READING 3 scrolls labelled KEHODGH MOMO.
   648 | D:1      | 648 ||| READING scroll labelled ORYFUP SECIA.
   649 | D:1      | 649 ||| READING 2 scrolls labelled QOMISI ROENEIDD.
   650 | D:1      | 650 ||| READING scroll labelled DOIRAE BOANKIA.
   651 | D:1      | 651 ||| DRINKING 2 brown potions.
   699 | D:1      | 699 ||| DRINKING 3 lumpy inky potions.
   700 | D:1      | 700 ||| READING 2 scrolls of identify.
   700 | D:1      | 700 ||| IDENTIFYING bubbling grey potion
   701 | D:1      | 701 ||| DROPPING scroll of vulnerability.
   748 | D:2      | 748 ||| Stepping ~*~*~tactically~*~*~ (stealth).
  1281 | D:2      | 1281 ||| UPGRADING to ring of protection from cold.
  1282 | D:2      | 1282 ||| READING 2 scrolls labelled USIMNYLUBI.
  1283 | D:2      | 1283 ||| READING scroll of enchant armour.
  1283 | D:2      | 1283 ||| ENCHANTING +0 pair of gloves.
  1284 | D:2      | 1284 ||| READING scroll labelled MYSTRU LUACEVI.
  1287 | D:2      | 1287 ||| READING scroll labelled LUELUH RONWAUM.
  1364 | D:3      | Noticed Natasha
  1373 | D:3      | Killed Natasha
  1374 | D:3      | Reached XP level 4. HP: 11/28 MP: 4/4
  1435 | D:3      | Noticed Natasha
  1449 | D:3      | Killed Natasha
  1492 | D:3      | 1492 ||| READING scroll of enchant armour.
  1492 | D:3      | 1492 ||| ENCHANTING +1 pair of gloves.
  1494 | D:3      | 1494 ||| Stepping ~*~*~tactically~*~*~ (hiding).
  1575 | D:3      | Noticed Jessica
  1578 | D:3      | Noticed Ijyb
  1585 | D:3      | Killed Jessica
  1586 | D:3      | Reached XP level 5. HP: 19/32 MP: 5/5
  1595 | D:3      | Killed Ijyb
  1606 | D:3      | Reached skill level 4 in Fighting
  1606 | D:3      | Reached XP level 6. HP: 20/38 MP: 6/6
  1870 | D:3      | 1870 ||| Stepping ~*~*~tactically~*~*~ (hiding).
  1872 | D:3      | 1872 ||| Stepping ~*~*~tactically~*~*~ (hiding).
  1944 | D:3      | Noticed Natasha
  1945 | D:3      | 1945 ||| Stepping ~*~*~tactically~*~*~ (stealth).
  2076 | D:3      | Found a shimmering altar of Xom.
  2076 | D:3      | Found an ancient bone altar of Kikubaaqudgha.
  2119 | D:3      | Killed Natasha
  2164 | D:3      | 2164 ||| UPGRADING to +0 plate armour.
  2174 | D:3      | 2174 ||| DROPPING +0 chain mail.
  2175 | D:3      | 2175 ||| DRINKING 2 puce potions.
  2176 | D:3      | 2176 ||| READING 3 scrolls of identify.
  2176 | D:3      | 2176 ||| IDENTIFYING murky red potion
  2177 | D:3      | 2177 ||| DROPPING potion of flight.
  2195 | D:4      | 2195 ||| PLANNING SEWER
  2212 | D:4      | Found a staircase to the Ecumenical Temple.
  2267 | D:4      | 2267 ||| FLEEEEING.
  2268 | D:4      | 2268 ||| FLEEEEING.
  2269 | D:4      | 2269 ||| FLEEEEING.
  2270 | D:4      | 2270 ||| FLEEEEING.
  2271 | D:4      | 2271 ||| FLEEEEING.
  2272 | D:4      | 2272 ||| FLEEEEING.
  2273 | D:4      | 2273 ||| FLEEEEING.
  2274 | D:4      | 2274 ||| FLEEEEING.
  2275 | D:4      | 2275 ||| FLEEEEING.
  2276 | D:4      | 2276 ||| FLEEEEING.
  2277 | D:4      | 2277 ||| FLEEEEING.
  2278 | D:4      | 2278 ||| FLEEEEING.
  2279 | D:4      | 2279 ||| FLEEEEING.
  2280 | D:4      | 2280 ||| FLEEEEING.
  2281 | D:4      | 2281 ||| FLEEEEING.
  2361 | D:4      | 2361 ||| DROPPING +0 mace.
  2438 | D:4      | Reached skill level 6 in Axes
  2601 | D:4      | Reached XP level 7. HP: 43/43 MP: 7/7
  2688 | D:4      | Found a glowing drain.
  2695 | D:4      | 2695 ||| DROPPING ring of wizardry.
  2696 | D:4      | 2696 ||| READING 3 scrolls labelled QAOH DUQISKUADGHITU.
  2697 | D:4      | 2697 ||| READING scroll labelled IGO MYIDGHAOCH.
  2698 | D:4      | 2698 ||| DROPPING +3 whip of electrocution.
  2699 | D:4      | 2699 ||| READING scroll labelled MEDEUW IMEFAONT.
  2700 | D:4      | 2700 ||| READING 3 scrolls of identify.
  2700 | D:4      | 2700 ||| IDENTIFYING sedimented yellow potion
  2701 | D:4      | 2701 ||| DROPPING 2 scrolls of amnesia.
  2715 | Sewer    | Entered a sewer
  2737 | Sewer    | 2737 ||| Stepping ~*~*~tactically~*~*~ (stealth).
  2806 | Sewer    | 2806 ||| Stepping ~*~*~tactically~*~*~ (stealth).
  2877 | Sewer    | 2877 ||| Stepping ~*~*~tactically~*~*~ (hiding).
  3034 | Sewer    | 3034 ||| Stepping ~*~*~tactically~*~*~ (water).
  3170 | Sewer    | 3170 ||| Stepping ~*~*~tactically~*~*~ (stealth).
  3381 | Sewer    | 3381 ||| READING scroll labelled EGEALUNTOR.
  3382 | Sewer    | 3382 ||| DRINKING 2 emerald potions.
  3383 | Sewer    | 3383 ||| READING 2 scrolls of identify.
  3383 | Sewer    | 3383 ||| IDENTIFYING bubbling purple potion
  3384 | Sewer    | 3384 ||| DROPPING potion of magic.
  3410 | D:4      | 3410 ||| PLANNING TEMPLE
  3467 | Temple   | Entered the Ecumenical Temple
  3467 | Temple   | Found a transporter.
  3467 | Temple   | Found a transporter.
  3469 | Temple   | Found a transporter.
  3469 | Temple   | Found a transporter.
  3479 | Temple   | 3479 ||| PLANNING D:1-11
  3482 | Temple   | 3482 ||| PLANNING OKAWARU WORSHIP
  3486 | Temple   | Became a worshipper of Warmaster Okawaru
  3486 | Temple   | 3486 ||| PLANNING D:1-11
  3605 | D:4      | 3605 ||| Stepping ~*~*~tactically~*~*~ (stealth).
  3633 | D:4      | 3633 ||| Stepping ~*~*~tactically~*~*~ (hiding).
  3951 | D:5      | Entered Level 5 of the Dungeon
  4035 | D:5      | 4035 ||| Stepping ~*~*~tactically~*~*~ (stealth).
  4039 | D:5      | Reached skill level 5 in Fighting
  4138 | D:5      | 4138 ||| SWAPPING to +0 broad axe.
  4209 | D:5      | 4209 ||| Stepping ~*~*~tactically~*~*~ (stealth).
  4211 | D:5      | 4211 ||| Stepping ~*~*~tactically~*~*~ (stealth).
  4213 | D:5      | 4213 ||| Stepping ~*~*~tactically~*~*~ (hiding).
  4221 | D:5      | Reached skill level 1 in Dodging
  4238 | D:5      | 4238 ||| Stepping ~*~*~tactically~*~*~ (stealth).
  4242 | D:5      | Reached skill level 1 in Throwing
  4242 | D:5      | Reached XP level 8. HP: 49/49 MP: 8/8
  4256 | D:5      | Reached * piety under Okawaru
  4333 | D:5      | 4333 ||| Stepping ~*~*~tactically~*~*~ (stealth).
  4334 | D:5      | 4334 ||| Stepping ~*~*~tactically~*~*~ (stealth).
  4335 | D:5      | 4335 ||| Stepping ~*~*~tactically~*~*~ (stealth).
  4352 | D:5      | 4352 ||| Stepping ~*~*~tactically~*~*~ (stealth).
  4356 | D:5      | 4356 ||| Stepping ~*~*~tactically~*~*~ (stealth).
  4382 | D:5      | Noticed a yak
  4401 | D:5      | 4401 ||| INVOKING Heroism.
  4410 | D:5      | Killed a yak
  4410 | D:5      | Noticed a yak
  4412 | D:5      | Reached skill level 1 in Invocations
  4412 | D:5      | 4412 ||| INVOKING Heroism.
  4415 | D:5      | Noticed a yak
  4416 | D:5      | Noticed a yak
  4426 | D:5      | HP: 10/49 [yak (12)]
  4427 | D:5      | 4427 ||| READING 2 scrolls of teleportation.
  4428 | D:5      | Killed a yak
  4429 | D:5      | 4429 ||| INVOKING Heroism.
  4643 | D:5      | 4643 ||| FLEEEEING.
  4644 | D:5      | 4644 ||| FLEEEEING.
  4682 | D:5      | Identified the ring of Poen {Ice Will- Str+5 Stlth+}
  4813 | D:5      | Killed a yak
  4814 | D:5      | Reached skill level 6 in Fighting
  4821 | D:5      | Killed a yak
  5047 | D:5      | 5047 ||| UPGRADING to +0 cloak.
  5052 | D:5      | 5052 ||| UPGRADING to ring of positive energy.
  5053 | D:5      | 5053 ||| DROPPING ring of magical power.
  5171 | D:6      | 5171 ||| Stepping ~*~*~tactically~*~*~ (hiding).
  5180 | D:6      | 5180 ||| DRINKING potion of curing.
  5180 | D:6      | 5180 ||| (to cure confusion)
  5184 | D:6      | Reached XP level 9. HP: 56/56 MP: 10/10
  5252 | D:6      | Found a runed translucent door.
  5339 | D:6      | 5339 ||| INVOKING Heroism.
  5354 | D:6      | Reached skill level 3 in Invocations
  5447 | D:6      | 5447 ||| READING scroll of enchant armour.
  5447 | D:6      | 5447 ||| ENCHANTING +0 cloak.
  5594 | D:6      | Noticed qw's ghost (novice GrFi)
  5778 | D:6      | 5778 ||| INVOKING Heroism.
  5880 | D:6      | 5880 ||| DRINKING 2 grey potions.
  5881 | D:6      | 5881 ||| READING 5 scrolls of identify.
  5881 | D:6      | 5881 ||| IDENTIFYING coppery potion
  5882 | D:6      | 5882 ||| READING 4 scrolls of identify.
  5882 | D:6      | 5882 ||| IDENTIFYING smoky black potion
  5883 | D:6      | 5883 ||| DROPPING potion of brilliance.
  6036 | D:7      | 6036 ||| Stepping ~*~*~tactically~*~*~ (stealth).
  6038 | D:7      | 6038 ||| INVOKING Heroism.
  6040 | D:7      | 6040 ||| Stepping ~*~*~tactically~*~*~ (hiding).
  6164 | D:7      | Found an iron altar of Okawaru.
  6165 | D:7      | 6165 ||| INVOKING Heroism.
  6205 | D:7      | 6205 ||| INVOKING Heroism.
  6516 | D:7      | Found a runed translucent door.
  6517 | D:7      | Noticed Crazy Yiuf
  6640 | D:7      | 6640 ||| UPGRADING to ring of protection from cold.
  6717 | D:8      | Reached skill level 9 in Axes
  6724 | D:8      | 6724 ||| Stepping ~*~*~tactically~*~*~ (stealth).
  6746 | D:8      | 6746 ||| Stepping ~*~*~tactically~*~*~ (stealth).
  6782 | D:8      | Found a burning altar of Makhleb.
  6810 | D:8      | 6810 ||| INVOKING Heroism.
  6815 | D:8      | Reached skill level 6 in Armour
  6815 | D:8      | 6815 ||| Stepping ~*~*~tactically~*~*~ (cloud).
  6818 | D:8      | 6818 ||| Stepping ~*~*~tactically~*~*~ (stealth).
  6819 | D:8      | 6819 ||| Stepping ~*~*~tactically~*~*~ (stealth).
  6869 | D:8      | Found a broken altar of Ashenzari.
  6903 | D:8      | Found a bloodstained altar of Trog.
  6903 | D:8      | Found a hide-covered altar of Uskayaw.
  6931 | D:8      | 6931 ||| Stepping ~*~*~tactically~*~*~ (stealth).
  7019 | D:8      | Reached skill level 7 in Fighting
  7248 | D:8      | Found a snail-covered altar of Cheibriados.
  7249 | D:8      | 7249 ||| UPGRADING to +6 ring of strength.
  7251 | D:8      | 7251 ||| READING scroll labelled NUATHU DEJO.
  7617 | D:9      | Noticed a hornet
  7625 | D:9      | 7625 ||| INVOKING Heroism.
  7628 | D:9      | Killed a hornet
  7703 | D:9      | Noticed a troll
  7704 | D:9      | 7704 ||| Stepping ~*~*~tactically~*~*~ (hiding).
  7705 | D:9      | 7705 ||| Stepping ~*~*~tactically~*~*~ (hiding).
  7710 | D:9      | 7710 ||| INVOKING Heroism.
  7719 | D:9      | Killed a troll
  7720 | D:9      | Reached XP level 10. HP: 46/63 MP: 11/13
  7722 | D:9      | Noticed a gargoyle
  7728 | D:9      | 7728 ||| INVOKING Heroism.
  7732 | D:9      | Killed a gargoyle
  7732 | D:9      | Reached ** piety under Okawaru
  7760 | D:9      | 7760 ||| FLEEEEING.
  7761 | D:9      | 7761 ||| FLEEEEING.
  7762 | D:9      | 7762 ||| FLEEEEING.
  7763 | D:9      | 7763 ||| FLEEEEING.
  7764 | D:9      | 7764 ||| FLEEEEING.
  7765 | D:9      | 7765 ||| FLEEEEING.
  7766 | D:9      | 7766 ||| FLEEEEING.
  7768 | D:9      | 7768 ||| FLEEEEING.
  7770 | D:9      | 7770 ||| FLEEEEING.
  7771 | D:9      | 7771 ||| FLEEEEING.
  7772 | D:9      | 7772 ||| STAIRDANCE
  7844 | D:9      | 7844 ||| Stepping ~*~*~tactically~*~*~ (stealth).
  7850 | D:9      | Reached skill level 8 in Fighting
  7888 | D:9      | 7888 ||| Stepping ~*~*~tactically~*~*~ (stealth).
  7909 | D:9      | 7909 ||| Stepping ~*~*~tactically~*~*~ (hiding).
  7937 | D:9      | 7937 ||| INVOKING Heroism.
  8051 | D:9      | 8051 ||| Stepping ~*~*~tactically~*~*~ (hiding).
  8055 | D:9      | 8055 ||| Stepping ~*~*~tactically~*~*~ (hiding).
  8065 | D:9      | 8065 ||| FLEEEEING.
  8066 | D:9      | 8066 ||| FLEEEEING.
  8067 | D:9      | 8067 ||| FLEEEEING.
  8068 | D:9      | 8068 ||| FLEEEEING.
  8069 | D:9      | 8069 ||| FLEEEEING.
  8070 | D:9      | 8070 ||| FLEEEEING.
  8071 | D:9      | 8071 ||| FLEEEEING.
  8072 | D:9      | 8072 ||| FLEEEEING.
  8073 | D:9      | 8073 ||| FLEEEEING.
  8074 | D:9      | 8074 ||| FLEEEEING.
  8075 | D:9      | 8075 ||| FLEEEEING.
  8076 | D:9      | 8076 ||| FLEEEEING.
  8077 | D:9      | 8077 ||| FLEEEEING.
  8078 | D:9      | 8078 ||| FLEEEEING.
  8118 | D:9      | 8118 ||| Stepping ~*~*~tactically~*~*~ (stealth).
  8120 | D:9      | 8120 ||| INVOKING Heroism.
  8143 | D:9      | 8143 ||| INVOKING Heroism.
  8230 | D:9      | Found a staircase to the Lair.
  8231 | D:9      | 8231 ||| INVOKING Heroism.
  8271 | D:9      | 8271 ||| INVOKING Heroism.
  8281 | D:9      | Reached skill level 9 in Fighting
  8289 | D:9      | Reached XP level 11. HP: 50/71 MP: 12/14
  8290 | D:9      | 8290 ||| INVOKING Heroism.
  8639 | D:9      | 8639 ||| PLANNING LAIR
  8639 | D:9      | 8639 ||| UPGRADING to +2 pair of boots.
  8644 | D:9      | 8644 ||| DRINKING 2 murky brown potions.
  8645 | D:9      | 8645 ||| DROPPING potion of degeneration.
  8685 | Lair:1   | Entered Level 1 of the Lair of Beasts
  8686 | Lair:1   | 8686 ||| INVOKING Heroism.
  8820 | Lair:1   | 8820 ||| SWAPPING to +1 broad axe of flaming.
  8821 | Lair:1   | 8821 ||| DROPPING +0 war axe of flaming.
  8822 | Lair:1   | 8822 ||| DROPPING +0 broad axe.
  8972 | Lair:1   | 8972 ||| INVOKING Heroism.
  9101 | Lair:1   | Reached *** piety under Okawaru
  9209 | Lair:1   | 9209 ||| Stepping ~*~*~tactically~*~*~ (stealth).
  9217 | Lair:1   | 9217 ||| INVOKING Heroism.
  9230 | Lair:1   | Received a gift from Okawaru
  9406 | Lair:1   | Found a frozen archway.
  9929 | Lair:2   | Noticed a seven-headed hydra
  9930 | Lair:2   | 9930 ||| Stepping ~*~*~tactically~*~*~ (stealth).
  9932 | Lair:2   | 9932 ||| INVOKING Heroism.
  9940 | Lair:2   | Killed a four-headed hydra
  9941 | Lair:2   | Reached skill level 12 in Axes
 10176 | Lair:2   | 10176 ||| INVOKING Heroism.
 10179 | Lair:2   | 10179 ||| Stepping ~*~*~tactically~*~*~ (water).
 10187 | Lair:2   | Reached skill level 9 in Armour
 10190 | Lair:2   | Reached **** piety under Okawaru
 10191 | Lair:2   | Reached skill level 6 in Shields
 10407 | Lair:2   | Noticed Gastronok
 10408 | Lair:2   | 10408 ||| INVOKING Heroism.
 10421 | Lair:2   | Killed Gastronok
 10422 | Lair:2   | Reached skill level 10 in Fighting
 10422 | Lair:2   | Reached XP level 12. HP: 77/77 MP: 13/16
 10905 | Lair:2   | 10905 ||| UPGRADING to +1 hat of willpower.
 10910 | Lair:2   | 10910 ||| READING scroll labelled JANTADIWAY.
 10911 | Lair:2   | 10911 ||| READING scroll labelled FADAKOVVUI.
 10960 | Lair:3   | Reached skill level 6 in Invocations
 11008 | Lair:3   | 11008 ||| INVOKING Heroism.
 11013 | Lair:3   | Reached ***** piety under Okawaru
 11179 | Lair:3   | 11179 ||| INVOKING Heroism.
 11186 | Lair:3   | Noticed a catoblepas
 11187 | Lair:3   | 11187 ||| INVOKING Finesse.
 11196 | Lair:3   | Killed a catoblepas
 11393 | Lair:3   | Found a staircase to the Snake Pit.
 11542 | Lair:3   | 11542 ||| READING scroll of enchant weapon.
 11542 | Lair:3   | 11542 ||| ENCHANTING +2 broad axe of flaming.
 11628 | Lair:3   | Noticed an eight-headed hydra
 11629 | Lair:3   | 11629 ||| INVOKING Heroism.
 11636 | Lair:3   | Killed a six-headed hydra
 11729 | Lair:3   | Found a staircase to the Shoals.
 11959 | Lair:3   | Noticed a skyshark
 11968 | Lair:3   | Killed a skyshark
 12002 | Lair:3   | Noticed a skyshark
 12010 | Lair:3   | Killed a skyshark
 12041 | Lair:3   | Received a gift from Okawaru
 12044 | Lair:3   | 12044 ||| Stepping ~*~*~tactically~*~*~ (stealth).
 12240 | Lair:3   | 12240 ||| READING scroll labelled WITHUNG PAMEIK.
 12434 | Lair:4   | Reached skill level 9 in Invocations
 12462 | Lair:4   | Found a staircase to the Slime Pits.
 12588 | Lair:4   | Noticed a six-headed hydra
 12590 | Lair:4   | 12590 ||| INVOKING Heroism.
 12599 | Lair:4   | Killed a two-headed hydra
 12697 | Lair:4   | Noticed a boulder beetle
 12698 | Lair:4   | 12698 ||| INVOKING Heroism.
 12699 | Lair:4   | 12699 ||| INVOKING Finesse.
 12708 | Lair:4   | Killed a boulder beetle
 12775 | Lair:4   | Reached XP level 13. HP: 79/82 MP: 20/20
 12908 | Lair:4   | 12908 ||| READING scroll of brand weapon.
 12908 | Lair:4   | 12908 ||| BRANDING +3 broad axe of flaming.
 13276 | Lair:5   | Entered Level 5 of the Lair of Beasts
 13306 | Lair:5   | 13306 ||| FLEEEEING.
 13307 | Lair:5   | 13307 ||| FLEEEEING.
 13308 | Lair:5   | 13308 ||| STAIRDANCE
 13348 | Lair:5   | 13348 ||| INVOKING Heroism.
 13411 | Lair:5   | 13411 ||| FLEEEEING.
 13412 | Lair:5   | 13412 ||| STAIRDANCE
 13453 | Lair:5   | 13453 ||| STAIRDANCE
 13460 | Lair:4   | 13460 ||| INVOKING Heroism.
 13569 | Lair:5   | 13569 ||| INVOKING Heroism.
 13601 | Lair:5   | Received a gift from Okawaru
 13629 | Lair:5   | 13629 ||| Stepping ~*~*~tactically~*~*~ (stealth).
 13642 | Lair:5   | 13642 ||| Stepping ~*~*~tactically~*~*~ (stealth).
 13644 | Lair:5   | 13644 ||| Stepping ~*~*~tactically~*~*~ (hiding).
 13647 | Lair:5   | 13647 ||| INVOKING Heroism.
 13649 | Lair:5   | 13649 ||| INVOKING Finesse.
 13726 | Lair:5   | 13726 ||| INVOKING Heroism.
 13749 | Lair:5   | 13749 ||| Stepping ~*~*~tactically~*~*~ (stealth).
 13750 | Lair:5   | 13750 ||| Stepping ~*~*~tactically~*~*~ (stealth).
 13756 | Lair:5   | 13756 ||| Stepping ~*~*~tactically~*~*~ (stealth).
 13763 | Lair:5   | 13763 ||| Stepping ~*~*~tactically~*~*~ (stealth).
 13794 | Lair:5   | 13794 ||| INVOKING Heroism.
 13922 | Lair:5   | 13922 ||| INVOKING Heroism.
 13931 | Lair:5   | 13931 ||| INVOKING Finesse.
 13934 | Lair:5   | Reached skill level 11 in Fighting
 13983 | Lair:5   | 13983 ||| Stepping ~*~*~tactically~*~*~ (stealth).
 13986 | Lair:5   | 13986 ||| Stepping ~*~*~tactically~*~*~ (stealth).
 14044 | Lair:5   | 14044 ||| Stepping ~*~*~tactically~*~*~ (stealth).
 14056 | Lair:5   | 14056 ||| Stepping ~*~*~tactically~*~*~ (stealth).
 14058 | Lair:5   | 14058 ||| Stepping ~*~*~tactically~*~*~ (hiding).
 14059 | Lair:5   | 14059 ||| INVOKING Heroism.
 14061 | Lair:5   | 14061 ||| INVOKING Finesse.
 14077 | Lair:5   | 14077 ||| Stepping ~*~*~tactically~*~*~ (stealth).
 14198 | Lair:5   | Identified the +0 leather armour of Nilidwun {rElec Dex+6}
 14231 | Lair:5   | 14231 ||| INVOKING Heroism.
 14242 | Lair:5   | Reached skill level 3 in Throwing
 14287 | Lair:5   | 14287 ||| Stepping ~*~*~tactically~*~*~ (stealth).
 14466 | Lair:5   | 14466 ||| Stepping ~*~*~tactically~*~*~ (stealth).
 14567 | Lair:5   | 14567 ||| INVOKING Heroism.
 14573 | Lair:5   | Received a gift from Okawaru
 14680 | Lair:5   | 14680 ||| INVOKING Heroism.
 14699 | Lair:5   | Gained mutation: Your large and strong wings let you fly.
                  | [Gargoyle growth]
 14699 | Lair:5   | Reached XP level 14. HP: 90/90 MP: 21/21
 14715 | Lair:5   | 14715 ||| INVOKING Heroism.
 15068 | Lair:5   | Reached skill level 15 in Axes
 15124 | Lair:5   | 15124 ||| PLANNING D:1-11
 15124 | Lair:5   | 15124 ||| UPGRADING to +0 buckler of reflection.
 15134 | Lair:5   | 15134 ||| DROPPING +0 buckler.
 15220 | D:10     | Entered Level 10 of the Dungeon
 15220 | D:10     | Found a stormy altar of Qazlal.
 15242 | D:10     | 15242 ||| Stepping ~*~*~tactically~*~*~ (hiding).
 15261 | D:10     | Found a staircase to the Orcish Mines.
 15291 | D:10     | Noticed Erolcha
 15292 | D:10     | 15292 ||| INVOKING Heroism.
 15297 | D:10     | Killed Erolcha
 15297 | D:10     | Received a gift from Okawaru
 15328 | D:10     | 15328 ||| Stepping ~*~*~tactically~*~*~ (hiding).
 15329 | D:10     | 15329 ||| Stepping ~*~*~tactically~*~*~ (hiding).
 15330 | D:10     | 15330 ||| Stepping ~*~*~tactically~*~*~ (hiding).
 15356 | D:10     | 15356 ||| DROPPING +0 club.
 15393 | D:10     | 15393 ||| Stepping ~*~*~tactically~*~*~ (hiding).
 15394 | D:10     | 15394 ||| Stepping ~*~*~tactically~*~*~ (hiding).
 15399 | D:10     | 15399 ||| Stepping ~*~*~tactically~*~*~ (hiding).
 15467 | D:10     | 15467 ||| Stepping ~*~*~tactically~*~*~ (hiding).
 15470 | D:10     | Received a gift from Okawaru
 15473 | D:10     | 15473 ||| Stepping randomly (disturbance).
 15567 | D:10     | Identified the +2 long sword of Sin {freeze, Will+ Int+3}
 15758 | D:10     | Found a shadowy altar of Dithmenos.
 15913 | D:11     | 15913 ||| Stepping ~*~*~tactically~*~*~ (stealth).
 15982 | D:11     | 15982 ||| Stepping ~*~*~tactically~*~*~ (stealth).
 15999 | D:11     | Found a broken altar of Ashenzari.
 16004 | D:11     | 16004 ||| Stepping ~*~*~tactically~*~*~ (hiding).
 16005 | D:11     | 16005 ||| Stepping ~*~*~tactically~*~*~ (hiding).
 16477 | D:11     | 16477 ||| INVOKING Heroism.
 16679 | D:11     | 16679 ||| Stepping ~*~*~tactically~*~*~ (stealth).
 16717 | D:11     | 16717 ||| PLANNING D
 16782 | D:12     | 16782 ||| INVOKING Heroism.
 16904 | D:12     | Found a glowing silver altar of Zin.
 16933 | D:12     | 16933 ||| INVOKING Heroism.
 17046 | D:12     | Noticed Nergalle
 17057 | D:12     | Killed Nergalle
 17057 | D:12     | Received a gift from Okawaru
 17106 | D:12     | 17106 ||| INVOKING Heroism.
 17273 | D:12     | 17273 ||| Stepping ~*~*~tactically~*~*~ (stealth).
 17275 | D:12     | 17275 ||| Stepping ~*~*~tactically~*~*~ (stealth).
 17295 | D:12     | 17295 ||| Stepping ~*~*~tactically~*~*~ (stealth).
 17297 | D:12     | 17297 ||| Stepping ~*~*~tactically~*~*~ (stealth).
 17301 | D:12     | 17301 ||| Stepping ~*~*~tactically~*~*~ (stealth).
 17446 | D:12     | 17446 ||| DROPPING +2 pair of boots.
 17447 | D:12     | 17447 ||| Stepping randomly (disturbance).
 17517 | D:12     | Reached skill level 6 in Throwing
 17517 | D:12     | Noticed Kirke
 17517 | D:12     | 17517 ||| INVOKING Heroism.
 17526 | D:12     | Received a gift from Okawaru
 17527 | D:12     | 17527 ||| INVOKING Finesse.
 17529 | D:12     | Killed Kirke
 17530 | D:12     | Reached skill level 12 in Fighting
 17736 | D:12     | 17736 ||| Stepping ~*~*~tactically~*~*~ (stealth).
 17749 | D:12     | 17749 ||| INVOKING Heroism.
 17940 | D:12     | 17940 ||| Stepping ~*~*~tactically~*~*~ (stealth).
 17942 | D:12     | 17942 ||| Stepping ~*~*~tactically~*~*~ (stealth).
 17949 | D:12     | 17949 ||| READING 5 scrolls of teleportation.
 17951 | D:12     | 17951 ||| INVOKING Heroism.
 18133 | D:12     | 18133 ||| Stepping ~*~*~tactically~*~*~ (hiding).
 18141 | D:12     | Reached skill level 3 in Dodging
 18309 | D:12     | 18309 ||| Stepping ~*~*~tactically~*~*~ (stealth).
 18311 | D:12     | 18311 ||| Stepping ~*~*~tactically~*~*~ (stealth).
 18317 | D:12     | 18317 ||| INVOKING Heroism.
 18318 | D:12     | 18318 ||| READING 4 scrolls of teleportation.
 18371 | D:12     | 18371 ||| Stepping ~*~*~tactically~*~*~ (stealth).
 18428 | D:12     | 18428 ||| READING 13 scrolls of identify.
 18428 | D:12     | 18428 ||| IDENTIFYING clear potion
 18429 | D:12     | 18429 ||| DROPPING potion of ambrosia.
 18444 | D:13     | 18444 ||| INVOKING Heroism.
 18449 | D:13     | HP: 22/92 [gnoll sergeant/+1 spear of distortion (11)]
 18449 | D:13     | HP: 7/92 [gnoll sergeant/+1 spear of distortion (15)]
 18449 | D:13     | HP: 3/92 [gnoll/+0 spear[a gnoll sergeant] (4)]
 18450 | D:13     | 18450 ||| READING 3 scrolls of teleportation.
 18451 | D:13     | 18451 ||| DRINKING 4 potions of heal wounds.
 18638 | D:13     | 18638 ||| INVOKING Heroism.
 18961 | D:13     | Noticed Lodul
 18970 | D:13     | Killed Lodul
 18970 | D:13     | Received a gift from Okawaru
 19047 | D:13     | 19047 ||| FLEEEEING.
 19062 | D:13     | 19062 ||| FLEEEEING.
 19063 | D:13     | 19063 ||| FLEEEEING.
 19064 | D:13     | 19064 ||| FLEEEEING.
 19079 | D:13     | 19079 ||| FLEEEEING.
 19082 | D:13     | 19082 ||| STAIRDANCE
 19121 | D:13     | 19121 ||| Stepping ~*~*~tactically~*~*~ (hiding).
 19124 | D:13     | 19124 ||| Stepping ~*~*~tactically~*~*~ (hiding).
 19406 | D:13     | 19406 ||| Stepping ~*~*~tactically~*~*~ (hiding).
 19948 | D:13     | 19948 ||| UPGRADING to +0 kite shield.
 19958 | D:13     | 19958 ||| DROPPING +0 buckler of reflection.
 19959 | D:13     | 19959 ||| READING scroll labelled DOGOIX QUCS.
 20114 | D:14     | Found an opulent altar of Gozag.
 20114 | D:14     | Found Gozag's Platinum Reserve.
 20127 | D:14     | 20127 ||| INVOKING Heroism.
 20132 | D:14     | Received a gift from Okawaru
 20240 | D:14     | 20240 ||| SHOPLISTING +2 cloak of Restlessness {rN+} (2570
                  | gold, have 2253).
 20240 | D:14     | 20240 ||| SHOPLISTING ring "Futruu" {rC+ EV+5} (5000 gold,
                  | have 2253).
 20304 | D:14     | 20304 ||| Stepping ~*~*~tactically~*~*~ (hiding).
 20409 | D:14     | 20409 ||| Stepping ~*~*~tactically~*~*~ (stealth).
 20418 | D:14     | Received a gift from Okawaru
 20421 | D:14     | 20421 ||| INVOKING Heroism.
 20793 | D:14     | 20793 ||| Stepping ~*~*~tactically~*~*~ (hiding).
 20809 | D:14     | Reached skill level 9 in Shields
 20894 | D:14     | Reached XP level 15. HP: 96/96 MP: 22/22
 20919 | D:14     | Noticed Louise
 20920 | D:14     | 20920 ||| INVOKING Heroism.
 20931 | D:14     | Killed Louise
 20966 | D:14     | 20966 ||| DROPPING +0 morningstar.
 20981 | D:14     | 20981 ||| Stepping ~*~*~tactically~*~*~ (stealth).
 20986 | D:14     | 20986 ||| FLEEEEING.
 20987 | D:14     | 20987 ||| FLEEEEING.
 20988 | D:14     | 20988 ||| FLEEEEING.
 21004 | D:14     | 21004 ||| INVOKING Heroism.
 21162 | D:14     | Found a runed translucent gate.
 21162 | D:14     | Found a runed translucent gate.
 21162 | D:14     | Found a runed translucent gate.
 21167 | D:14     | Noticed Imiczer's ghost (journeyman FoFi)
 21191 | D:14     | 21191 ||| Stepping ~*~*~tactically~*~*~ (hiding).
 21212 | D:14     | 21212 ||| INVOKING Heroism.
 21491 | D:14     | Received a gift from Okawaru
 21548 | D:14     | Found a gate to the Vaults.
 21737 | D:14     | 21737 ||| UPGRADING to +0 tower shield.
 21747 | D:14     | 21747 ||| DROPPING +0 kite shield.
 21748 | D:14     | 21748 ||| UPGRADING to amulet of regeneration.
 21753 | D:14     | 21753 ||| UPGRADING to ring of see invisible.
 21769 | D:15     | Entered Level 15 of the Dungeon
 21784 | D:15     | 21784 ||| Stepping ~*~*~tactically~*~*~ (hiding).
 21786 | D:15     | 21786 ||| Stepping ~*~*~tactically~*~*~ (hiding).
 21829 | D:15     | 21829 ||| Stepping ~*~*~tactically~*~*~ (stealth).
 21831 | D:15     | 21831 ||| INVOKING Heroism.
 21846 | D:15     | 21846 ||| Stepping ~*~*~tactically~*~*~ (stealth).
 21856 | D:15     | Found a staircase to the Depths.
 21884 | D:15     | Reached skill level 12 in Shields
 22097 | D:15     | Found a portal to a secret trove of treasure.
 22129 | D:15     | Received a gift from Okawaru
 22544 | D:15     | 22544 ||| PLANNING ORC
 22679 | Orc:1    | Entered Level 1 of the Orcish Mines
 22685 | Orc:1    | Found Sauqu's Distillery.
 22746 | Orc:1    | 22746 ||| DROPPING +0 eveningstar of freezing.
 22747 | Orc:1    | Found Adghorr's Weapon Emporium.
 22772 | Orc:1    | Found Maig's Book Shop.
 22772 | Orc:1    | Noticed a walking divine tome
 22772 | Orc:1    | Noticed a walking crystal tome
 22783 | Orc:1    | 22783 ||| BUYING potion of attraction (42 gold).
 22783 | Orc:1    | Bought a potion of attraction for 42 gold pieces
 22783 | Orc:1    | 22783 ||| BUYING potion of curing (42 gold).
 22783 | Orc:1    | Bought a potion of curing for 42 gold pieces
 22783 | Orc:1    | 22783 ||| BUYING potion of haste (140 gold).
 22783 | Orc:1    | Bought a potion of haste for 140 gold pieces
 22783 | Orc:1    | 22783 ||| BUYING potion of heal wounds (70 gold).
 22783 | Orc:1    | Bought a potion of heal wounds for 70 gold pieces
 22783 | Orc:1    | 22783 ||| BUYING potion of resistance (140 gold).
 22783 | Orc:1    | Bought a potion of resistance for 140 gold pieces
 22844 | Orc:1    | Found Myrutex's Book Shoppe.
 22942 | Orc:1    | Found Xarocud's Weapon Emporium.
 22965 | Orc:1    | Found a bloodstained altar of Trog.
 23091 | Orc:1    | 23091 ||| UPGRADING to +1 plate armour of poison
                  | resistance.
 23101 | Orc:1    | 23101 ||| DROPPING +0 plate armour.
 23112 | Orc:2    | Entered Level 2 of the Orcish Mines
 23116 | Orc:2    | 23116 ||| INVOKING Heroism.
 23119 | Orc:2    | Noticed Saint Roka
 23120 | Orc:2    | 23120 ||| INVOKING Finesse.
 23141 | Orc:2    | HP: 24/96 [Saint Roka/divine providence (12)]
 23142 | Orc:2    | 23142 ||| READING 3 scrolls of teleportation.
 23143 | Orc:2    | 23143 ||| DRINKING 5 potions of heal wounds.
 23152 | Orc:2    | 23152 ||| FLEEEEING.
 23153 | Orc:2    | 23153 ||| FLEEEEING.
 23154 | Orc:2    | 23154 ||| FLEEEEING.
 23155 | Orc:2    | 23155 ||| FLEEEEING.
 23156 | Orc:2    | 23156 ||| STAIRDANCE
 23220 | Orc:2    | 23220 ||| Stepping ~*~*~tactically~*~*~ (stealth).
 23236 | Orc:2    | 23236 ||| Stepping ~*~*~tactically~*~*~ (stealth).
 23241 | Orc:2    | 23241 ||| INVOKING Heroism.
 23275 | Orc:2    | 23275 ||| INVOKING Heroism.
 23278 | Orc:2    | Received a gift from Okawaru
 23363 | Orc:2    | 23363 ||| INVOKING Heroism.
 23364 | Orc:2    | 23364 ||| INVOKING Finesse.
 23384 | Orc:2    | HP: 23/96 [Saint Roka/divine providence (17)]
 23385 | Orc:2    | 23385 ||| READING 2 scrolls of teleportation.
 23386 | Orc:2    | 23386 ||| DRINKING 4 potions of heal wounds.
 23389 | Orc:2    | Killed Saint Roka
 23439 | Orc:2    | 23439 ||| FLEEEEING.
 23440 | Orc:2    | 23440 ||| STAIRDANCE
 23502 | Orc:2    | 23502 ||| Stepping ~*~*~tactically~*~*~ (stealth).
 23505 | Orc:2    | 23505 ||| Stepping ~*~*~tactically~*~*~ (stealth).
 23511 | Orc:2    | 23511 ||| Stepping ~*~*~tactically~*~*~ (hiding).
 23620 | Orc:2    | Found a staircase to the Elven Halls.
 23661 | Orc:2    | 23661 ||| Stepping ~*~*~tactically~*~*~ (hiding).
 23662 | Orc:2    | 23662 ||| Stepping ~*~*~tactically~*~*~ (hiding).
 23878 | Orc:2    | 23878 ||| Stepping ~*~*~tactically~*~*~ (hiding).
 23879 | Orc:2    | 23879 ||| Stepping ~*~*~tactically~*~*~ (hiding).
 23880 | Orc:2    | 23880 ||| Stepping ~*~*~tactically~*~*~ (hiding).
 23893 | Orc:2    | 23893 ||| Stepping ~*~*~tactically~*~*~ (hiding).
 23894 | Orc:2    | 23894 ||| Stepping ~*~*~tactically~*~*~ (hiding).
 24005 | Orc:2    | Found Ylounlek's Antique Weapon Emporium.
 24005 | Orc:2    | Found Nuburgh's Assorted Antiques.
 24005 | Orc:2    | Found Baixeup's Magic Scroll Boutique.
 24008 | Orc:2    | Found Sywemp's Jewellery Shoppe.
 24013 | Orc:2    | 24013 ||| BUYING glittering granite ring (125 gold).
 24013 | Orc:2    | Bought a glittering granite ring for 125 gold pieces
 24013 | Orc:2    | Identified the ring "Nameann" {rF+ Int+6} (You bought it in
                  | a shop on level 2 of the Orcish Mines)
 24013 | Orc:2    | 24013 ||| BUYING helmet (112 gold).
 24013 | Orc:2    | Bought a helmet for 112 gold pieces
 24013 | Orc:2    | 24013 ||| BUYING scroll of enchant weapon (187 gold).
 24013 | Orc:2    | Bought a scroll of enchant weapon for 187 gold pieces
 24013 | Orc:2    | 24013 ||| BUYING steel ring (125 gold).
 24013 | Orc:2    | Bought a steel ring for 125 gold pieces
 24013 | Orc:2    | 24013 ||| READING scroll of enchant weapon.
 24013 | Orc:2    | 24013 ||| ENCHANTING +3 broad axe of electrocution.
 24016 | Orc:2    | 24016 ||| BUYING scroll of brand weapon (123 gold).
 24016 | Orc:2    | Bought a scroll of brand weapon for 123 gold pieces
 24016 | Orc:2    | 24016 ||| BUYING scroll of enchant weapon (97 gold).
 24016 | Orc:2    | Bought a scroll of enchant weapon for 97 gold pieces
 24016 | Orc:2    | 24016 ||| READING scroll of brand weapon.
 24016 | Orc:2    | 24016 ||| BRANDING +4 broad axe of electrocution.
 24017 | Orc:2    | 24017 ||| READING scroll of enchant weapon.
 24017 | Orc:2    | 24017 ||| ENCHANTING +4 broad axe of venom.
 24023 | Orc:2    | 24023 ||| BUYING ring of resist corrosion (280 gold).
 24023 | Orc:2    | Bought a ring of resist corrosion for 280 gold pieces
 24087 | Orc:2    | 24087 ||| Stepping ~*~*~tactically~*~*~ (hiding).
 24088 | Orc:2    | 24088 ||| Stepping ~*~*~tactically~*~*~ (hiding).
 24089 | Orc:2    | 24089 ||| Stepping ~*~*~tactically~*~*~ (hiding).
 24090 | Orc:2    | 24090 ||| Stepping ~*~*~tactically~*~*~ (hiding).
 24210 | Orc:2    | 24210 ||| PLANNING SNAKE:1-3
 24210 | Orc:2    | 24210 ||| UPGRADING to +0 plate armour of cold resistance.
 24220 | Orc:2    | 24220 ||| DROPPING ring of positive energy.
 24221 | Orc:2    | 24221 ||| DROPPING ring of fire.
 24222 | Orc:2    | 24222 ||| UPGRADING to +4 ring of protection.
 24342 | Snake:1  | Entered Level 1 of the Snake Pit
 24414 | Snake:1  | 24414 ||| Stepping ~*~*~tactically~*~*~ (hiding).
 24419 | Snake:1  | 24419 ||| Stepping ~*~*~tactically~*~*~ (hiding).
 24423 | Snake:1  | 24423 ||| INVOKING Heroism.
 24427 | Snake:1  | 24427 ||| Stepping ~*~*~tactically~*~*~ (hiding).
 24448 | Snake:1  | 24448 ||| Stepping ~*~*~tactically~*~*~ (stealth).
 24525 | Snake:1  | 24525 ||| INVOKING Heroism.
 24623 | Snake:1  | 24623 ||| Stepping ~*~*~tactically~*~*~ (hiding).
 24624 | Snake:1  | 24624 ||| Stepping ~*~*~tactically~*~*~ (hiding).
 24626 | Snake:1  | 24626 ||| INVOKING Heroism.
 24772 | Snake:1  | 24772 ||| Stepping ~*~*~tactically~*~*~ (hiding).
 24773 | Snake:1  | 24773 ||| Stepping ~*~*~tactically~*~*~ (hiding).
 24777 | Snake:1  | 24777 ||| INVOKING Heroism.
 24795 | Snake:1  | Reached skill level 15 in Shields
 24795 | Snake:1  | Reached XP level 16. HP: 75/101 MP: 23/23
 24885 | Snake:1  | 24885 ||| READING scroll of enchant weapon.
 24885 | Snake:1  | 24885 ||| ENCHANTING +5 broad axe of venom.
 24894 | Snake:1  | 24894 ||| INVOKING Heroism.
 24982 | Snake:1  | 24982 ||| INVOKING Heroism.
 25142 | Snake:1  | 25142 ||| Stepping ~*~*~tactically~*~*~ (hiding).
 25344 | Snake:1  | Noticed Asterion
 25345 | Snake:1  | 25345 ||| INVOKING Heroism.
 25362 | Snake:1  | HP: 18/98 [cacodemon[Asterion] (12)]
 25363 | Snake:1  | 25363 ||| READING 2 scrolls of teleportation.
 25364 | Snake:1  | 25364 ||| DRINKING 3 potions of heal wounds.
 25365 | Snake:1  | Killed Asterion
 25460 | Snake:1  | 25460 ||| Stepping ~*~*~tactically~*~*~ (stealth).
 25461 | Snake:1  | 25461 ||| Stepping ~*~*~tactically~*~*~ (stealth).
 25469 | Snake:1  | Received a gift from Okawaru
 25471 | Snake:1  | 25471 ||| SWAPPING to +2 spectral broad axe.
 25472 | Snake:1  | 25472 ||| DROPPING +6 broad axe of venom.
 25558 | Snake:2  | 25558 ||| INVOKING Heroism.
 25597 | Snake:2  | 25597 ||| Stepping ~*~*~tactically~*~*~ (stealth).
 25598 | Snake:2  | 25598 ||| Stepping ~*~*~tactically~*~*~ (stealth).
 25631 | Snake:2  | 25631 ||| Stepping ~*~*~tactically~*~*~ (hiding).
 25633 | Snake:2  | 25633 ||| Stepping ~*~*~tactically~*~*~ (hiding).
 25636 | Snake:2  | 25636 ||| INVOKING Heroism.
 25647 | Snake:2  | Noticed Aizul
 25658 | Snake:2  | Killed Aizul
 25664 | Snake:2  | 25664 ||| Stepping ~*~*~tactically~*~*~ (hiding).
 25774 | Snake:2  | 25774 ||| Stepping ~*~*~tactically~*~*~ (stealth).
 25789 | Snake:2  | 25789 ||| INVOKING Heroism.
 25827 | Snake:2  | 25827 ||| Stepping ~*~*~tactically~*~*~ (hiding).
 25836 | Snake:2  | 25836 ||| Stepping ~*~*~tactically~*~*~ (hiding).
 26044 | Snake:2  | 26044 ||| Stepping ~*~*~tactically~*~*~ (hiding).
 26159 | Snake:2  | Found Wononur's Armour Shop.
 26179 | Snake:2  | Received a gift from Okawaru
 26234 | Snake:2  | 26234 ||| BUYING +0 scale mail of Sophism {rF+++ rN+ Will++
                  | Dex-5} (698 gold).
 26234 | Snake:2  | Bought the +0 scale mail of Sophism {rF+++ rN+ Will++
                  | Dex-5} for 698 gold pieces
 26249 | Snake:2  | You are sucked into a shaft and drop 1 floor!
 26279 | Snake:3  | Noticed a nagaraja
 26280 | Snake:3  | 26280 ||| Stepping ~*~*~tactically~*~*~ (hiding).
 26281 | Snake:3  | 26281 ||| INVOKING Heroism.
 26287 | Snake:3  | Killed a nagaraja
 26309 | Snake:3  | Found Daupsy's Jewellery Shop.
 26316 | Snake:3  | Found a runed translucent door.
 26319 | Snake:3  | Noticed qw's ghost (adept GrFi)
 26353 | Snake:2  | Found Toagyhaq's Magic Scroll Shoppe.
 26362 | Snake:2  | 26362 ||| BUYING scroll of acquirement (780 gold).
 26362 | Snake:2  | Bought a scroll of acquirement for 780 gold pieces
 26362 | Snake:2  | 26362 ||| BUYING scroll of enchant weapon (112 gold).
 26362 | Snake:2  | Bought a scroll of enchant weapon for 112 gold pieces
 26362 | Snake:2  | 26362 ||| BUYING scroll of teleportation (45 gold).
 26362 | Snake:2  | Bought a scroll of teleportation for 45 gold pieces
 26368 | Snake:2  | 26368 ||| READING scroll of acquirement.
 26368 | Snake:2  | 26368 ||| ACQUIRING +10 tower shield of Ignorance {rN+
                  | Int-4}
 26368 | Snake:2  | Acquired the +10 tower shield of Ignorance {rN+ Int-4}
 26368 | Snake:2  | Found the +10 tower shield of Ignorance {rN+ Int-4}
 26370 | Snake:2  | 26370 ||| UPGRADING to +10 tower shield of Ignorance {rN+
                  | Int-4}.
 26380 | Snake:2  | 26380 ||| DROPPING +0 tower shield.
 26381 | Snake:2  | 26381 ||| READING scroll of enchant weapon.
 26381 | Snake:2  | 26381 ||| ENCHANTING +2 spectral broad axe.
 26382 | Snake:2  | Found Muqidd's General Store.
 26448 | Snake:2  | 26448 ||| Stepping ~*~*~tactically~*~*~ (hiding).
 26452 | Snake:2  | 26452 ||| Stepping ~*~*~tactically~*~*~ (hiding).
 26453 | Snake:2  | 26453 ||| Stepping ~*~*~tactically~*~*~ (hiding).
 26600 | Snake:2  | 26600 ||| Stepping ~*~*~tactically~*~*~ (stealth).
 26601 | Snake:2  | 26601 ||| Stepping ~*~*~tactically~*~*~ (stealth).
 26603 | Snake:2  | 26603 ||| Stepping ~*~*~tactically~*~*~ (stealth).
 26604 | Snake:2  | 26604 ||| Stepping ~*~*~tactically~*~*~ (stealth).
 26605 | Snake:2  | 26605 ||| Stepping ~*~*~tactically~*~*~ (stealth).
 26622 | Snake:2  | Received a gift from Okawaru
 26623 | Snake:2  | Reached skill level 12 in Armour
 26782 | Snake:2  | Noticed a nagaraja
 26783 | Snake:2  | 26783 ||| INVOKING Heroism.
 26789 | Snake:2  | Killed a nagaraja
 27066 | Snake:3  | Received a gift from Okawaru
 27148 | Snake:3  | 27148 ||| READING scroll of enchant armour.
 27148 | Snake:3  | 27148 ||| ENCHANTING +1 hat of willpower.
 27240 | Snake:3  | 27240 ||| INVOKING Heroism.
 27251 | Snake:3  | Noticed Vashnia
 27258 | Snake:3  | 27258 ||| Stepping ~*~*~tactically~*~*~ (hiding).
 27260 | Snake:3  | 27260 ||| Stepping ~*~*~tactically~*~*~ (hiding).
 27262 | Snake:3  | 27262 ||| Stepping ~*~*~tactically~*~*~ (hiding).
 27277 | Snake:3  | Received a gift from Okawaru
 27292 | Snake:3  | 27292 ||| INVOKING Heroism.
 27297 | Snake:3  | Killed Vashnia
 27298 | Snake:3  | Reached XP level 17. HP: 75/106 MP: 22/24
 27349 | Snake:3  | 27349 ||| READING scroll of enchant armour.
 27349 | Snake:3  | 27349 ||| ENCHANTING +1 cloak.
 27359 | Snake:3  | 27359 ||| INVOKING Heroism.
 27382 | Snake:3  | 27382 ||| Stepping ~*~*~tactically~*~*~ (hiding).
 27452 | Snake:3  | Received a gift from Okawaru
 27534 | Snake:3  | 27534 ||| INVOKING Heroism.
 27839 | Snake:3  | 27839 ||| Stepping ~*~*~tactically~*~*~ (hiding).
 27842 | Snake:3  | 27842 ||| Stepping ~*~*~tactically~*~*~ (hiding).
 27997 | Snake:3  | 27997 ||| PLANNING SHOALS:1-3
 27997 | Snake:3  | 27997 ||| DROPPING +0 helmet.
 28123 | Shoals:1 | Entered Level 1 of the Shoals
 28259 | Shoals:1 | 28259 ||| INVOKING Heroism.
 28296 | Shoals:1 | Noticed a kraken
 28301 | Shoals:1 | Killed a kraken
 28302 | Shoals:1 | Reached skill level 13 in Fighting
 28303 | Shoals:1 | Received a gift from Okawaru
 28483 | Shoals:1 | 28483 ||| Stepping ~*~*~tactically~*~*~ (hiding).
 28576 | Shoals:1 | Identified the +4 falchion of Boopt {heavy, Contam rF-
                  | Str+8 Stlth+}
 28602 | Shoals:1 | 28602 ||| READING scroll of enchant armour.
 28602 | Shoals:1 | 28602 ||| ENCHANTING +0 plate armour of cold resistance.
 28609 | Shoals:1 | 28609 ||| Stepping ~*~*~tactically~*~*~ (hiding).
 28610 | Shoals:1 | 28610 ||| Stepping ~*~*~tactically~*~*~ (hiding).
 28654 | Shoals:1 | 28654 ||| INVOKING Heroism.
 28685 | Shoals:1 | 28685 ||| Stepping ~*~*~tactically~*~*~ (hiding).
 28686 | Shoals:1 | 28686 ||| Stepping ~*~*~tactically~*~*~ (hiding).
 28688 | Shoals:1 | 28688 ||| Stepping ~*~*~tactically~*~*~ (hiding).
 28689 | Shoals:1 | 28689 ||| Stepping ~*~*~tactically~*~*~ (hiding).
 28879 | Shoals:1 | 28879 ||| DROPPING +1 plate armour of poison resistance.
 28880 | Shoals:1 | 28880 ||| READING scroll labelled LEEKUVUATZ.
 28906 | Shoals:2 | You are sucked into a shaft and drop 1 floor!
 29046 | Shoals:3 | Noticed Jorgrun
 29063 | Shoals:3 | Killed Jorgrun
 29078 | Shoals:3 | 29078 ||| Stepping ~*~*~tactically~*~*~ (hiding).
 29080 | Shoals:3 | 29080 ||| Stepping ~*~*~tactically~*~*~ (hiding).
 29081 | Shoals:3 | 29081 ||| Stepping ~*~*~tactically~*~*~ (hiding).
 29083 | Shoals:3 | 29083 ||| Stepping ~*~*~tactically~*~*~ (hiding).
 29214 | Shoals:3 | Found a runed translucent door.
 29223 | Shoals:3 | Identified the +0 ring mail of Divine Compulsion {*Slow rF+
                  | rN+ Str+4}
 29252 | Shoals:3 | 29252 ||| INVOKING Heroism.
 29507 | Shoals:3 | 29507 ||| Stepping ~*~*~tactically~*~*~ (hiding).
 29509 | Shoals:3 | 29509 ||| Stepping ~*~*~tactically~*~*~ (hiding).
 29666 | Shoals:2 | 29666 ||| INVOKING Heroism.
 29755 | Shoals:2 | 29755 ||| INVOKING Heroism.
 29932 | Shoals:2 | 29932 ||| INVOKING Heroism.
 30276 | Shoals:2 | 30276 ||| Stepping ~*~*~tactically~*~*~ (hiding).
 30277 | Shoals:2 | 30277 ||| Stepping ~*~*~tactically~*~*~ (hiding).
 30278 | Shoals:2 | 30278 ||| Stepping ~*~*~tactically~*~*~ (hiding).
 30437 | Shoals:2 | 30437 ||| DROPPING +0 chain mail of positive energy.
 30438 | Shoals:2 | 30438 ||| DROPPING ring of willpower.
 30439 | Shoals:2 | 30439 ||| DROPPING +6 ring of dexterity.
 30502 | Shoals:3 | 30502 ||| INVOKING Heroism.
 30603 | Shoals:3 | 30603 ||| INVOKING Heroism.
 30605 | Shoals:3 | 30605 ||| Stepping ~*~*~tactically~*~*~ (hiding).
 30624 | Shoals:3 | Reached skill level 18 in Axes
 30662 | Shoals:3 | Noticed a kraken
 30670 | Shoals:3 | Killed a kraken
 30793 | Shoals:3 | Found a corrupted altar of Lugonu.
 30795 | Shoals:3 | Found a one-way gate to the infinite horrors of the Abyss.
 30797 | Shoals:3 | 30797 ||| PLANNING SNAKE:4
 30974 | Snake:4  | Entered Level 4 of the Snake Pit
 30974 | Snake:4  | Found Fukoe's Book Boutique.
 30996 | Snake:4  | 30996 ||| Stepping ~*~*~tactically~*~*~ (stealth).
 31007 | Snake:4  | Found Zigikh's Assorted Antiques.
 31023 | Snake:4  | 31023 ||| BUYING potion of curing (78 gold).
 31023 | Snake:4  | Bought a potion of curing for 78 gold pieces
 31023 | Snake:4  | 31023 ||| BUYING potion of haste (260 gold).
 31023 | Snake:4  | Bought a potion of haste for 260 gold pieces
 31023 | Snake:4  | 31023 ||| BUYING potion of heal wounds (130 gold).
 31023 | Snake:4  | Bought a potion of heal wounds for 130 gold pieces
 31023 | Snake:4  | 31023 ||| BUYING potion of lignification (78 gold).
 31023 | Snake:4  | Bought a potion of lignification for 78 gold pieces
 31033 | Snake:4  | 31033 ||| Stepping ~*~*~tactically~*~*~ (hiding).
 31042 | Snake:4  | Noticed Bai Suzhen
 31043 | Snake:4  | 31043 ||| INVOKING Heroism.
 31049 | Snake:4  | 31049 ||| SWAPPING to +2 war axe of flaming.
 31059 | Snake:4  | 31059 ||| SWAPPING to +3 spectral broad axe.
 31067 | Snake:4  | Killed Bai Suzhen
 31098 | Snake:4  | 31098 ||| Stepping ~*~*~tactically~*~*~ (stealth).
 31101 | Snake:4  | 31101 ||| Stepping ~*~*~tactically~*~*~ (stealth).
 31102 | Snake:4  | 31102 ||| Stepping ~*~*~tactically~*~*~ (stealth).
 31103 | Snake:4  | 31103 ||| Stepping ~*~*~tactically~*~*~ (stealth).
 31104 | Snake:4  | 31104 ||| Stepping ~*~*~tactically~*~*~ (stealth).
 31106 | Snake:4  | 31106 ||| FLEEEEING.
 31107 | Snake:4  | 31107 ||| INVOKING Heroism.
 31110 | Snake:4  | 31110 ||| Stepping ~*~*~tactically~*~*~ (hiding).
 31130 | Snake:4  | 31130 ||| Stepping ~*~*~tactically~*~*~ (stealth).
 31145 | Snake:4  | 31145 ||| Stepping ~*~*~tactically~*~*~ (hiding).
 31149 | Snake:4  | 31149 ||| Stepping ~*~*~tactically~*~*~ (hiding).
 31151 | Snake:4  | 31151 ||| Stepping ~*~*~tactically~*~*~ (hiding).
 31154 | Snake:4  | 31154 ||| Stepping ~*~*~tactically~*~*~ (hiding).
 31176 | Snake:4  | 31176 ||| Stepping ~*~*~tactically~*~*~ (stealth).
 31179 | Snake:4  | 31179 ||| Stepping ~*~*~tactically~*~*~ (hiding).
 31183 | Snake:4  | 31183 ||| INVOKING Heroism.
 31207 | Snake:4  | 31207 ||| Stepping ~*~*~tactically~*~*~ (stealth).
 31209 | Snake:4  | 31209 ||| Stepping ~*~*~tactically~*~*~ (stealth).
 31238 | Snake:4  | 31238 ||| Stepping ~*~*~tactically~*~*~ (hiding).
 31244 | Snake:4  | 31244 ||| INVOKING Heroism.
 31262 | Snake:4  | Reached XP level 18. HP: 66/114 MP: 25/25
 31265 | Snake:4  | 31265 ||| Stepping ~*~*~tactically~*~*~ (hiding).
 31269 | Snake:4  | 31269 ||| INVOKING Heroism.
 31289 | Snake:4  | 31289 ||| Stepping ~*~*~tactically~*~*~ (hiding).
 31307 | Snake:4  | 31307 ||| INVOKING Heroism.
 31430 | Snake:4  | 31430 ||| DROPPING +2 war axe of flaming.
 31434 | Snake:4  | 31434 ||| Stepping ~*~*~tactically~*~*~ (hiding).
 31435 | Snake:4  | 31435 ||| Stepping ~*~*~tactically~*~*~ (hiding).
 31438 | Snake:4  | 31438 ||| Stepping ~*~*~tactically~*~*~ (hiding).
 31571 | Snake:4  | 31571 ||| Stepping ~*~*~tactically~*~*~ (hiding).
 31574 | Snake:4  | 31574 ||| Stepping ~*~*~tactically~*~*~ (hiding).
 31577 | Snake:4  | 31577 ||| Stepping ~*~*~tactically~*~*~ (hiding).
 31578 | Snake:4  | 31578 ||| Stepping ~*~*~tactically~*~*~ (hiding).
 31579 | Snake:4  | 31579 ||| Stepping ~*~*~tactically~*~*~ (hiding).
 31584 | Snake:4  | 31584 ||| INVOKING Heroism.
 31614 | Snake:4  | 31614 ||| Stepping ~*~*~tactically~*~*~ (hiding).
 31617 | Snake:4  | Noticed a quicksilver dragon
 31618 | Snake:4  | Noticed a quicksilver dragon
 31623 | Snake:4  | 31623 ||| INVOKING Heroism.
 31631 | Snake:4  | Killed a quicksilver dragon
 31635 | Snake:4  | Killed a quicksilver dragon
 31636 | Snake:4  | Reached skill level 14 in Fighting
 31663 | Snake:4  | 31663 ||| Stepping ~*~*~tactically~*~*~ (stealth).
 31693 | Snake:4  | Got a serpentine rune of Zot
 31788 | Snake:4  | 31788 ||| Stepping ~*~*~tactically~*~*~ (hiding).
 31815 | Snake:4  | Reached skill level 18 in Shields
 31881 | Snake:4  | Found Dirghef's Book Boutique.
 31923 | Snake:4  | 31923 ||| Stepping ~*~*~tactically~*~*~ (hiding).
 31928 | Snake:4  | 31928 ||| INVOKING Heroism.
 32097 | Snake:4  | 32097 ||| Stepping ~*~*~tactically~*~*~ (stealth).
 32098 | Snake:4  | 32098 ||| Stepping ~*~*~tactically~*~*~ (stealth).
 32111 | Snake:4  | 32111 ||| Stepping ~*~*~tactically~*~*~ (stealth).
 32308 | Snake:4  | Found Luhiat's General Store.
 32311 | Snake:4  | 32311 ||| SHOPLISTING wand of digging (6) (403 gold, have
                  | 166).
 32493 | Snake:4  | 32493 ||| Stepping ~*~*~tactically~*~*~ (hiding).
 32495 | Snake:4  | 32495 ||| Stepping ~*~*~tactically~*~*~ (hiding).
 32496 | Snake:4  | 32496 ||| Stepping ~*~*~tactically~*~*~ (hiding).
 32498 | Snake:4  | 32498 ||| Stepping ~*~*~tactically~*~*~ (hiding).
 32607 | Snake:4  | 32607 ||| Stepping ~*~*~tactically~*~*~ (hiding).
 32709 | Snake:4  | Found Plog's Weapon Boutique.
 32914 | Snake:4  | 32914 ||| PLANNING VAULTS:1-4
 33186 | Vaults:1 | Entered Level 1 of the Vaults
 33190 | Vaults:1 | 33190 ||| STAIRDANCE
 33273 | Vaults:1 | 33273 ||| INVOKING Heroism.
 33274 | Vaults:1 | 33274 ||| INVOKING Finesse.
 33370 | Vaults:1 | Reached skill level 15 in Fighting
 33428 | Vaults:1 | Received a gift from Okawaru
 33433 | Vaults:1 | 33433 ||| FLEEEEING.
 33434 | Vaults:1 | 33434 ||| FLEEEEING.
 33435 | Vaults:1 | 33435 ||| INVOKING Heroism.
 33436 | Vaults:1 | 33436 ||| INVOKING Finesse.
 33505 | Vaults:1 | Identified the +4 ring mail of Uskayaw's Displeasure {rPois
                  | Regen+}
 33511 | Vaults:1 | 33511 ||| Stepping ~*~*~tactically~*~*~ (hiding).
 33714 | Vaults:1 | 33714 ||| Stepping ~*~*~tactically~*~*~ (hiding).
 33716 | Vaults:1 | 33716 ||| Stepping ~*~*~tactically~*~*~ (hiding).
 33719 | Vaults:1 | 33719 ||| Stepping ~*~*~tactically~*~*~ (hiding).
 33725 | Vaults:1 | Received a gift from Okawaru
 33759 | Vaults:1 | Identified the +7 broad axe of the Ghost {flame, Stlth+}
 33761 | Vaults:1 | 33761 ||| DROPPING +7 broad axe of the Ghost {flame,
                  | Stlth+}.
 33793 | Vaults:1 | 33793 ||| Stepping ~*~*~tactically~*~*~ (hiding).
 33804 | Vaults:1 | Paralysed by a sphinx for 3 turns
 33869 | Vaults:1 | 33869 ||| Stepping ~*~*~tactically~*~*~ (stealth).
 33871 | Vaults:1 | 33871 ||| Stepping ~*~*~tactically~*~*~ (stealth).
 33873 | Vaults:1 | 33873 ||| Stepping ~*~*~tactically~*~*~ (hiding).
 33877 | Vaults:1 | Received a gift from Okawaru
 33881 | Vaults:1 | 33881 ||| INVOKING Heroism.
 33986 | Vaults:1 | 33986 ||| INVOKING Finesse.
 34009 | Vaults:1 | 34009 ||| Stepping ~*~*~tactically~*~*~ (stealth).
 34014 | Vaults:1 | 34014 ||| INVOKING Heroism.
 34080 | Vaults:1 | Found Xemevuma's Antique Armour Shoppe.
 34088 | Vaults:1 | 34088 ||| BUYING pair of embroidered gloves (232 gold).
 34088 | Vaults:1 | Bought a pair of embroidered gloves for 232 gold pieces
 34088 | Vaults:1 | 34088 ||| SHOPLISTING steaming chain mail (294 gold, have
                  | 3).
 34128 | Vaults:1 | 34128 ||| Stepping ~*~*~tactically~*~*~ (hiding).
 34167 | Vaults:1 | Reached XP level 19. HP: 117/124 MP: 26/26
 34232 | Vaults:1 | 34232 ||| Stepping ~*~*~tactically~*~*~ (hiding).
 34234 | Vaults:1 | 34234 ||| Stepping ~*~*~tactically~*~*~ (hiding).
 34365 | Vaults:1 | Reached skill level 9 in Throwing
 34589 | Vaults:1 | 34589 ||| DROPPING +2 pair of gloves.
 34590 | Vaults:1 | 34590 ||| UPGRADING to +5 ring of evasion.
 34592 | Vaults:1 | 34592 ||| DROPPING +6 ring of strength.
 34593 | Vaults:1 | 34593 ||| DROPPING ring of see invisible.
 34627 | Vaults:2 | Received a gift from Okawaru
 34633 | Vaults:2 | Noticed Jory
 34634 | Vaults:2 | 34634 ||| INVOKING Heroism.
 34635 | Vaults:2 | 34635 ||| INVOKING Finesse.
 34655 | Vaults:2 | Killed Jory
 34655 | Vaults:2 | Identified the +1 chain mail of the Accordion {rPois rCorr}
                  | (Okawaru gifted it to you on level 2 of the Vaults)
 34655 | Vaults:2 | Received a gift from Okawaru
 34741 | Vaults:2 | 34741 ||| FLEEEEING.
 34747 | Vaults:2 | 34747 ||| FLEEEEING.
 34748 | Vaults:2 | 34748 ||| FLEEEEING.
 34749 | Vaults:2 | 34749 ||| FLEEEEING.
 34750 | Vaults:2 | 34750 ||| FLEEEEING.
 34751 | Vaults:2 | 34751 ||| FLEEEEING.
 34752 | Vaults:2 | 34752 ||| FLEEEEING.
 34753 | Vaults:2 | 34753 ||| FLEEEEING.
 34754 | Vaults:2 | 34754 ||| FLEEEEING.
 34755 | Vaults:2 | 34755 ||| FLEEEEING.
 34756 | Vaults:2 | 34756 ||| FLEEEEING.
 34757 | Vaults:2 | 34757 ||| FLEEEEING.
 34758 | Vaults:2 | 34758 ||| FLEEEEING.
 34759 | Vaults:2 | 34759 ||| FLEEEEING.
 34760 | Vaults:2 | 34760 ||| FLEEEEING.
 34764 | Vaults:2 | 34764 ||| STAIRDANCE
 34866 | Vaults:1 | 34866 ||| DROPPING +0 acid dragon scales.
 34880 | Vaults:2 | 34880 ||| INVOKING Heroism.
 34881 | Vaults:2 | 34881 ||| INVOKING Finesse.
 34941 | Vaults:2 | 34941 ||| Stepping ~*~*~tactically~*~*~ (hiding).
 34947 | Vaults:2 | Reached skill level 16 in Fighting
 35108 | Vaults:2 | 35108 ||| INVOKING Finesse.
 35311 | Vaults:2 | 35311 ||| Stepping ~*~*~tactically~*~*~ (stealth).
 35316 | Vaults:2 | 35316 ||| Stepping ~*~*~tactically~*~*~ (stealth).
 35317 | Vaults:2 | 35317 ||| Stepping ~*~*~tactically~*~*~ (stealth).
 35520 | Vaults:2 | 35520 ||| Stepping ~*~*~tactically~*~*~ (stealth).
 35522 | Vaults:2 | 35522 ||| Stepping ~*~*~tactically~*~*~ (hiding).
 35880 | Vaults:2 | 35880 ||| Stepping ~*~*~tactically~*~*~ (stealth).
 35896 | Vaults:2 | 35896 ||| INVOKING Heroism.
 35939 | Vaults:2 | Found a staircase to the Crypt.
 35940 | Vaults:2 | 35940 ||| INVOKING Heroism.
 36156 | Vaults:2 | Identified the +3 great mace of Makhleb's Hatred {flame,
                  | rPois rC+ rN+}
 36288 | Vaults:2 | 36288 ||| Stepping ~*~*~tactically~*~*~ (hiding).
 36297 | Vaults:2 | Reached skill level 15 in Armour
 36305 | Vaults:2 | 36305 ||| FLEEEEING.
 36306 | Vaults:2 | 36306 ||| FLEEEEING.
 36307 | Vaults:2 | 36307 ||| FLEEEEING.
 36330 | Vaults:2 | 36330 ||| READING scroll of enchant armour.
 36330 | Vaults:2 | 36330 ||| ENCHANTING +1 plate armour of cold resistance.
 36593 | Vaults:3 | 36593 ||| FLEEEEING.
 36594 | Vaults:3 | 36594 ||| FLEEEEING.
 36595 | Vaults:3 | 36595 ||| FLEEEEING.
 36596 | Vaults:3 | 36596 ||| FLEEEEING.
 36597 | Vaults:3 | 36597 ||| FLEEEEING.
 36598 | Vaults:3 | 36598 ||| FLEEEEING.
 36599 | Vaults:3 | 36599 ||| FLEEEEING.
 36604 | Vaults:3 | 36604 ||| FLEEEEING.
 36605 | Vaults:3 | 36605 ||| FLEEEEING.
 36606 | Vaults:3 | 36606 ||| FLEEEEING.
 36704 | Vaults:3 | Reached skill level 17 in Fighting
 36724 | Vaults:3 | 36724 ||| FLEEEEING.
 36726 | Vaults:3 | 36726 ||| FLEEEEING.
 36727 | Vaults:3 | 36727 ||| FLEEEEING.
 37028 | Vaults:3 | 37028 ||| Stepping ~*~*~tactically~*~*~ (stealth).
 37030 | Vaults:3 | 37030 ||| Stepping ~*~*~tactically~*~*~ (hiding).
 37031 | Vaults:3 | 37031 ||| Stepping ~*~*~tactically~*~*~ (hiding).
 37045 | Vaults:3 | 37045 ||| Stepping ~*~*~tactically~*~*~ (hiding).
 37048 | Vaults:3 | 37048 ||| Stepping ~*~*~tactically~*~*~ (hiding).
 37059 | Vaults:3 | Received a gift from Okawaru
 37226 | Vaults:3 | 37226 ||| Stepping ~*~*~tactically~*~*~ (hiding).
 37339 | Vaults:3 | 37339 ||| INVOKING Heroism.
 37340 | Vaults:3 | 37340 ||| INVOKING Finesse.
 37409 | Vaults:3 | 37409 ||| INVOKING Heroism.
 37463 | Vaults:3 | Reached XP level 20. HP: 109/134 MP: 27/27
 37464 | Vaults:3 | Received a gift from Okawaru
 37528 | Vaults:3 | 37528 ||| INVOKING Heroism.
 37634 | Vaults:3 | 37634 ||| Stepping ~*~*~tactically~*~*~ (hiding).
 37946 | Vaults:3 | 37946 ||| INVOKING Heroism.
 38003 | Vaults:3 | 38003 ||| INVOKING Heroism.
 38061 | Vaults:3 | Found Tuunonal's Magic Scroll Shoppe.
 38064 | Vaults:3 | 38064 ||| BUYING scroll of brand weapon (123 gold).
 38064 | Vaults:3 | Bought a scroll of brand weapon for 123 gold pieces
 38064 | Vaults:3 | 38064 ||| BUYING scroll of brand weapon (123 gold).
 38064 | Vaults:3 | Bought a scroll of brand weapon for 123 gold pieces
 38064 | Vaults:3 | 38064 ||| BUYING scroll of teleportation (39 gold).
 38064 | Vaults:3 | Bought a scroll of teleportation for 39 gold pieces
 38064 | Vaults:3 | 38064 ||| BUYING scroll of teleportation (39 gold).
 38064 | Vaults:3 | Bought a scroll of teleportation for 39 gold pieces
 38284 | Vaults:3 | 38284 ||| DROPPING ring of ice.
 38732 | Vaults:4 | 38732 ||| Stepping ~*~*~tactically~*~*~ (hiding).
 38733 | Vaults:4 | 38733 ||| Stepping ~*~*~tactically~*~*~ (hiding).
 38734 | Vaults:4 | 38734 ||| Stepping ~*~*~tactically~*~*~ (hiding).
 38735 | Vaults:4 | 38735 ||| Stepping ~*~*~tactically~*~*~ (hiding).
 38867 | Vaults:4 | 38867 ||| Stepping ~*~*~tactically~*~*~ (hiding).
 38869 | Vaults:4 | 38869 ||| Stepping ~*~*~tactically~*~*~ (hiding).
 39014 | Vaults:4 | 39014 ||| Stepping ~*~*~tactically~*~*~ (hiding).
 39015 | Vaults:4 | 39015 ||| Stepping ~*~*~tactically~*~*~ (hiding).
 39017 | Vaults:4 | 39017 ||| Stepping ~*~*~tactically~*~*~ (hiding).
 39018 | Vaults:4 | 39018 ||| Stepping ~*~*~tactically~*~*~ (hiding).
 39020 | Vaults:4 | 39020 ||| Stepping ~*~*~tactically~*~*~ (hiding).
 39052 | Vaults:4 | 39052 ||| INVOKING Heroism.
 39053 | Vaults:4 | 39053 ||| Stepping ~*~*~tactically~*~*~ (hiding).
 39078 | Vaults:4 | Reached skill level 18 in Fighting
 39224 | Vaults:4 | 39224 ||| Stepping ~*~*~tactically~*~*~ (hiding).
 39225 | Vaults:4 | 39225 ||| Stepping ~*~*~tactically~*~*~ (hiding).
 39276 | Vaults:4 | 39276 ||| READING scroll of enchant armour.
 39276 | Vaults:4 | 39276 ||| ENCHANTING +2 plate armour of cold resistance.
 39361 | Vaults:4 | 39361 ||| Stepping ~*~*~tactically~*~*~ (hiding).
 39362 | Vaults:4 | 39362 ||| Stepping ~*~*~tactically~*~*~ (hiding).
 39364 | Vaults:4 | 39364 ||| Stepping ~*~*~tactically~*~*~ (hiding).
 39474 | Vaults:4 | Identified the +6 arbalest of Obuys {heavy, Dex+3}
 39675 | Vaults:4 | 39675 ||| INVOKING Heroism.
 39688 | Vaults:4 | 39688 ||| FLEEEEING.
 39689 | Vaults:4 | 39689 ||| FLEEEEING.
 39690 | Vaults:4 | 39690 ||| FLEEEEING.
 39691 | Vaults:4 | 39691 ||| FLEEEEING.
 39692 | Vaults:4 | 39692 ||| FLEEEEING.
 39693 | Vaults:4 | 39693 ||| FLEEEEING.
 39694 | Vaults:4 | 39694 ||| FLEEEEING.
 39695 | Vaults:4 | 39695 ||| FLEEEEING.
 39696 | Vaults:4 | 39696 ||| FLEEEEING.
 39697 | Vaults:4 | 39697 ||| FLEEEEING.
 39698 | Vaults:4 | 39698 ||| FLEEEEING.
 39787 | Vaults:4 | 39787 ||| Stepping ~*~*~tactically~*~*~ (stealth).
 39805 | Vaults:4 | 39805 ||| INVOKING Heroism.
 40112 | Vaults:4 | 40112 ||| PLANNING SHOALS:4
 40438 | Shoals:4 | Entered Level 4 of the Shoals
 40527 | Shoals:4 | 40527 ||| INVOKING Heroism.
 40528 | Shoals:4 | 40528 ||| INVOKING Finesse.
 40685 | Shoals:4 | Noticed Nikola
 40687 | Shoals:4 | 40687 ||| INVOKING Heroism.
 40689 | Shoals:4 | 40689 ||| INVOKING Finesse.
 40695 | Shoals:4 | Killed Nikola
 40729 | Shoals:4 | Noticed Ilsuiw
 40774 | Shoals:4 | 40774 ||| Stepping ~*~*~tactically~*~*~ (hiding).
 40780 | Shoals:4 | Killed Ilsuiw
 40780 | Shoals:4 | Identified the +4 kite shield of the Buccaneer {-Cast rF+
                  | rC+} (Okawaru gifted it to you on level 4 of the Shoals)
 40780 | Shoals:4 | Received a gift from Okawaru
 40867 | Shoals:4 | 40867 ||| Stepping ~*~*~tactically~*~*~ (stealth).
 40891 | Shoals:4 | Got a barnacled rune of Zot
 40907 | Shoals:4 | Reached XP level 21. HP: 141/141 MP: 28/28
 41006 | Shoals:4 | 41006 ||| Stepping ~*~*~tactically~*~*~ (hiding).
 41007 | Shoals:4 | 41007 ||| Stepping ~*~*~tactically~*~*~ (hiding).
 41340 | Shoals:4 | Identified the staff of cold "Firha" {rElec rC+ Dex+5}
 41615 | Shoals:4 | 41615 ||| PLANNING DEPTHS
 41615 | Shoals:4 | 41615 ||| DROPPING +4 ring of slaying {mikee}.
 41855 | Depths:1 | Entered Level 1 of the Depths
 41896 | Depths:1 | Identified the +2 pair of boots of the Valley {-Cast rF+
                  | rCorr}
 41908 | Depths:1 | Found an iron altar of Okawaru.
 41918 | Depths:1 | 41918 ||| INVOKING Finesse.
 41921 | Depths:1 | Reached skill level 19 in Fighting
 42007 | Depths:1 | 42007 ||| INVOKING Heroism.
 42023 | Depths:1 | 42023 ||| INVOKING Finesse.
 42076 | Depths:1 | Reached skill level 18 in Armour
 42081 | Depths:1 | You are sucked into a shaft and drop 1 floor!
 42145 | Depths:2 | 42145 ||| INVOKING Heroism.
 42146 | Depths:2 | 42146 ||| INVOKING Finesse.
 42163 | Depths:2 | Paralysed by a floating eye for 2 turns
 42191 | Depths:2 | 42191 ||| Stepping ~*~*~tactically~*~*~ (stealth).
 42208 | Depths:2 | 42208 ||| Stepping ~*~*~tactically~*~*~ (hiding).
 42260 | Depths:2 | 42260 ||| INVOKING Heroism.
 42401 | Depths:2 | 42401 ||| Stepping ~*~*~tactically~*~*~ (stealth).
 42406 | Depths:2 | 42406 ||| INVOKING Heroism.
 42413 | Depths:2 | 42413 ||| Stepping ~*~*~tactically~*~*~ (hiding).
 42425 | Depths:2 | Received a gift from Okawaru
 42426 | Depths:2 | 42426 ||| Stepping ~*~*~tactically~*~*~ (hiding).
 42430 | Depths:2 | 42430 ||| INVOKING Heroism.
 42446 | Depths:2 | 42446 ||| INVOKING Finesse.
 42485 | Depths:2 | Received a gift from Okawaru
 42486 | Depths:2 | 42486 ||| INVOKING Finesse.
 42538 | Depths:2 | 42538 ||| Stepping ~*~*~tactically~*~*~ (stealth).
 42539 | Depths:2 | 42539 ||| Stepping ~*~*~tactically~*~*~ (stealth).
 42560 | Depths:2 | Identified the +2 falchion of Xauliarim {flame, Int+4}
 42565 | Depths:2 | Identified the +4 short sword of the Endless March {drain,
                  | Dex+4}
 42586 | Depths:2 | 42586 ||| Stepping ~*~*~tactically~*~*~ (stealth).
 42690 | Depths:2 | 42690 ||| INVOKING Heroism.
 42710 | Depths:2 | 42710 ||| Stepping ~*~*~tactically~*~*~ (hiding).
 42712 | Depths:2 | 42712 ||| Stepping ~*~*~tactically~*~*~ (hiding).
 42716 | Depths:2 | 42716 ||| Stepping ~*~*~tactically~*~*~ (hiding).
 42815 | Depths:2 | Found a one-way gate leading to the halls of Pandemonium.
 42898 | Depths:2 | Found a gateway to Hell.
 42908 | Depths:2 | Received a gift from Okawaru
 42930 | Depths:2 | 42930 ||| Stepping ~*~*~tactically~*~*~ (cloud).
 42953 | Depths:2 | 42953 ||| UPGRADING to +2 pair of boots of the Valley
                  | {-Cast rF+ rCorr}.
 42955 | Depths:2 | 42955 ||| Stepping ~*~*~tactically~*~*~ (hiding).
 42956 | Depths:2 | 42956 ||| Stepping ~*~*~tactically~*~*~ (hiding).
 42957 | Depths:2 | 42957 ||| Stepping ~*~*~tactically~*~*~ (hiding).
 42962 | Depths:2 | 42962 ||| INVOKING Heroism.
 42983 | Depths:2 | 42983 ||| UPGRADING to +2 pair of boots of the Valley
                  | {-Cast rF+ rCorr}.
 42993 | Depths:2 | 42993 ||| DROPPING +2 pair of boots.
 43115 | Depths:1 | 43115 ||| READING scroll of enchant weapon.
 43115 | Depths:1 | 43115 ||| ENCHANTING +3 spectral broad axe.
 43136 | Depths:1 | 43136 ||| INVOKING Heroism.
 43184 | Depths:1 | Identified the amulet of Pragmatism {RegenMP rF- rC+++
                  | Int-4 Dex+3}
 43201 | Depths:1 | Received a gift from Okawaru
 43202 | Depths:1 | Reached skill level 20 in Fighting
 43266 | Depths:1 | 43266 ||| INVOKING Heroism.
 43690 | Depths:2 | Found a stormy altar of Qazlal.
 43824 | Depths:2 | 43824 ||| DROPPING scarf of invisibility.
 43882 | Depths:3 | 43882 ||| Stepping ~*~*~tactically~*~*~ (hiding).
 43886 | Depths:3 | 43886 ||| INVOKING Heroism.
 43894 | Depths:3 | Noticed Margery
 43895 | Depths:3 | 43895 ||| DRINKING 10 potions of resistance.
 43902 | Depths:3 | Reached XP level 22. HP: 125/152 MP: 29/29
 43906 | Depths:3 | Killed Margery
 43906 | Depths:3 | Received a gift from Okawaru
 43928 | Depths:3 | 43928 ||| INVOKING Heroism.
 43937 | Depths:3 | 43937 ||| Stepping ~*~*~tactically~*~*~ (hiding).
 44020 | Depths:3 | 44020 ||| Stepping ~*~*~tactically~*~*~ (stealth).
 44028 | Depths:3 | 44028 ||| Stepping ~*~*~tactically~*~*~ (hiding).
 44029 | Depths:3 | 44029 ||| Stepping ~*~*~tactically~*~*~ (hiding).
 44033 | Depths:3 | 44033 ||| INVOKING Heroism.
 44063 | Depths:3 | Noticed a juggernaut
 44067 | Depths:3 | Noticed a caustic shrike
 44075 | Depths:3 | Killed a juggernaut
 44075 | Depths:3 | Received a gift from Okawaru
 44082 | Depths:3 | Killed a caustic shrike
 44089 | Depths:3 | 44089 ||| INVOKING Heroism.
 44156 | Depths:3 | 44156 ||| Stepping ~*~*~tactically~*~*~ (stealth).
 44157 | Depths:3 | 44157 ||| Stepping ~*~*~tactically~*~*~ (stealth).
 44200 | Depths:3 | Received a gift from Okawaru
 44612 | Depths:3 | 44612 ||| Stepping ~*~*~tactically~*~*~ (hiding).
 44613 | Depths:3 | 44613 ||| Stepping ~*~*~tactically~*~*~ (hiding).
 44614 | Depths:3 | 44614 ||| Stepping ~*~*~tactically~*~*~ (hiding).
 44615 | Depths:3 | 44615 ||| Stepping ~*~*~tactically~*~*~ (hiding).
 44616 | Depths:3 | 44616 ||| Stepping ~*~*~tactically~*~*~ (hiding).
 44618 | Depths:3 | 44618 ||| Stepping ~*~*~tactically~*~*~ (hiding).
 44619 | Depths:3 | 44619 ||| Stepping ~*~*~tactically~*~*~ (hiding).
 44620 | Depths:3 | 44620 ||| Stepping ~*~*~tactically~*~*~ (hiding).
 44733 | Depths:3 | 44733 ||| DROPPING +2 chain mail of poison resistance.
 44734 | Depths:3 | 44734 ||| DROPPING +1 cloak.
 44749 | Depths:4 | Entered Level 4 of the Depths
 44769 | Depths:4 | Reached skill level 6 in Dodging
 44803 | Depths:4 | 44803 ||| INVOKING Heroism.
 44813 | Depths:4 | Noticed a golden dragon
 44829 | Depths:4 | Reached skill level 21 in Shields
 44834 | Depths:4 | HP: 35/152 [something (4)]
 44835 | Depths:4 | 44835 ||| READING 12 scrolls of teleportation.
 44836 | Depths:4 | 44836 ||| DRINKING 3 potions of heal wounds.
 44837 | Depths:4 | 44837 ||| INVOKING Heroism.
 44839 | Depths:4 | 44839 ||| DRINKING 2 potions of heal wounds.
 44847 | Depths:4 | HP: 36/152 [iron troll (8)]
 44848 | Depths:4 | 44848 ||| READING 11 scrolls of teleportation.
 44849 | Depths:4 | 44849 ||| DRINKING potion of heal wounds.
 44860 | Depths:4 | 44860 ||| Stepping ~*~*~tactically~*~*~ (hiding).
 44903 | Depths:4 | 44903 ||| Stepping ~*~*~tactically~*~*~ (stealth).
 44907 | Depths:4 | 44907 ||| Stepping ~*~*~tactically~*~*~ (stealth).
 44908 | Depths:4 | 44908 ||| Stepping ~*~*~tactically~*~*~ (stealth).
 44910 | Depths:4 | 44910 ||| Stepping ~*~*~tactically~*~*~ (stealth).
 44911 | Depths:4 | 44911 ||| Stepping ~*~*~tactically~*~*~ (stealth).
 44954 | Depths:4 | 44954 ||| Stepping ~*~*~tactically~*~*~ (hiding).
 45123 | Depths:4 | 45123 ||| Stepping ~*~*~tactically~*~*~ (hiding).
 45124 | Depths:4 | 45124 ||| Stepping ~*~*~tactically~*~*~ (hiding).
 45125 | Depths:4 | 45125 ||| Stepping ~*~*~tactically~*~*~ (hiding).
 45126 | Depths:4 | 45126 ||| Stepping ~*~*~tactically~*~*~ (hiding).
 45127 | Depths:4 | 45127 ||| Stepping ~*~*~tactically~*~*~ (hiding).
 45128 | Depths:4 | 45128 ||| Stepping ~*~*~tactically~*~*~ (hiding).
 45129 | Depths:4 | 45129 ||| Stepping ~*~*~tactically~*~*~ (hiding).
 45130 | Depths:4 | 45130 ||| Stepping ~*~*~tactically~*~*~ (hiding).
 45131 | Depths:4 | 45131 ||| Stepping ~*~*~tactically~*~*~ (hiding).
 45157 | Depths:4 | 45157 ||| Stepping ~*~*~tactically~*~*~ (hiding).
 45159 | Depths:4 | 45159 ||| Stepping ~*~*~tactically~*~*~ (hiding).
 45160 | Depths:4 | 45160 ||| Stepping ~*~*~tactically~*~*~ (hiding).
 45161 | Depths:4 | 45161 ||| Stepping ~*~*~tactically~*~*~ (hiding).
 45168 | Depths:4 | 45168 ||| Stepping ~*~*~tactically~*~*~ (stealth).
 45230 | Depths:4 | 45230 ||| Stepping ~*~*~tactically~*~*~ (stealth).
 45267 | Depths:4 | Noticed a golden dragon
 45268 | Depths:4 | 45268 ||| Stepping ~*~*~tactically~*~*~ (hiding).
 45270 | Depths:4 | 45270 ||| INVOKING Heroism.
 45274 | Depths:4 | Killed a golden dragon
 45283 | Depths:4 | Found a gate to the Realm of Zot.
 45322 | Depths:4 | 45322 ||| INVOKING Heroism.
 45324 | Depths:4 | Received a gift from Okawaru
 45348 | Depths:4 | Reached skill level 21 in Fighting
 45378 | Depths:4 | 45378 ||| INVOKING Heroism.
 45423 | Depths:4 | Received a gift from Okawaru
 45431 | Depths:4 | 45431 ||| INVOKING Heroism.
 45445 | Depths:4 | Killed a golden dragon
 45445 | Depths:4 | Received a gift from Okawaru
 45508 | Depths:4 | Found a one-way gateway to a ziggurat.
 45543 | Depths:4 | 45543 ||| Stepping ~*~*~tactically~*~*~ (stealth).
 45545 | Depths:4 | 45545 ||| Stepping ~*~*~tactically~*~*~ (hiding).
 46014 | Depths:4 | 46014 ||| PLANNING VAULTS:5
 46014 | Depths:4 | 46014 ||| READING 33 scrolls of identify.
 46014 | Depths:4 | 46014 ||| IDENTIFYING bubbling emerald potion
 46015 | Depths:4 | 46015 ||| DROPPING potion of berserk rage.
 46285 | Vaults:5 | Entered Level 5 of the Vaults
 46290 | Vaults:5 | 46290 ||| STAIRDANCE
 46342 | Vaults:5 | Noticed a golden dragon
 46343 | Vaults:5 | 46343 ||| INVOKING Heroism.
 46344 | Vaults:5 | 46344 ||| INVOKING Finesse.
 46350 | Vaults:5 | Reached skill level 12 in Throwing
 46351 | Vaults:5 | Received a gift from Okawaru
 46355 | Vaults:5 | Killed a golden dragon
 46357 | Vaults:5 | Identified the +4 pair of boots of the Jumping Gods {rF+
                  | rC+ Dex+5} (Okawaru gifted it to you on level 5 of the
                  | Vaults)
 46357 | Vaults:5 | Received a gift from Okawaru
 46358 | Vaults:5 | Reached XP level 23. HP: 107/160 MP: 23/30
 46449 | Vaults:5 | 46449 ||| INVOKING Heroism.
 46451 | Vaults:5 | Noticed an ancient lich
 46452 | Vaults:5 | 46452 ||| INVOKING Finesse.
 46454 | Vaults:5 | Identified the +3 leather armour of Xiuts {-Tele Str+3
                  | Slay+5}
 46455 | Vaults:5 | Noticed a dread lich
 46455 | Vaults:5 | Noticed a golden dragon
 46462 | Vaults:5 | Noticed a golden dragon
 46477 | Vaults:5 | Killed an ancient lich
 46485 | Vaults:5 | Killed a dread lich
 46486 | Vaults:5 | Killed a golden dragon
 46495 | Vaults:5 | Killed a golden dragon
 46501 | Vaults:5 | Noticed a golden dragon
 46526 | Vaults:5 | Killed a golden dragon
 46527 | Vaults:5 | 46527 ||| Stepping ~*~*~tactically~*~*~ (hiding).
 46528 | Vaults:5 | 46528 ||| Stepping ~*~*~tactically~*~*~ (hiding).
 46530 | Vaults:5 | 46530 ||| INVOKING Heroism.
 46692 | Vaults:5 | Reached skill level 22 in Fighting
 46810 | Vaults:5 | 46810 ||| Stepping ~*~*~tactically~*~*~ (hiding).
 46812 | Vaults:5 | 46812 ||| Stepping ~*~*~tactically~*~*~ (hiding).
 46828 | Vaults:5 | Noticed a golden dragon
 46829 | Vaults:5 | 46829 ||| INVOKING Heroism.
 46840 | Vaults:5 | Killed a golden dragon
 46901 | Vaults:5 | 46901 ||| FLEEEEING.
 46903 | Vaults:5 | 46903 ||| FLEEEEING.
 47025 | Vaults:5 | 47025 ||| Stepping ~*~*~tactically~*~*~ (stealth).
 47027 | Vaults:5 | 47027 ||| Stepping ~*~*~tactically~*~*~ (stealth).
 47164 | Vaults:5 | Received a gift from Okawaru
 47167 | Vaults:5 | 47167 ||| Stepping ~*~*~tactically~*~*~ (hiding).
 47186 | Vaults:5 | 47186 ||| INVOKING Heroism.
 47220 | Vaults:5 | 47220 ||| Stepping ~*~*~tactically~*~*~ (hiding).
 47222 | Vaults:5 | 47222 ||| INVOKING Heroism.
 47270 | Vaults:5 | 47270 ||| Stepping ~*~*~tactically~*~*~ (hiding).
 47274 | Vaults:5 | 47274 ||| INVOKING Heroism.
 47286 | Vaults:5 | 47286 ||| Stepping ~*~*~tactically~*~*~ (hiding).
 47299 | Vaults:5 | 47299 ||| Stepping ~*~*~tactically~*~*~ (hiding).
 47313 | Vaults:5 | Reached skill level 21 in Armour
 47340 | Vaults:5 | 47340 ||| INVOKING Heroism.
 47341 | Vaults:5 | 47341 ||| INVOKING Finesse.
 47394 | Vaults:5 | 47394 ||| INVOKING Heroism.
 47398 | Vaults:5 | Received a gift from Okawaru
 47409 | Vaults:5 | 47409 ||| Stepping ~*~*~tactically~*~*~ (stealth).
 47449 | Vaults:5 | Identified the +1 trident of Gaosk {flame, Int+7}
 47491 | Vaults:5 | 47491 ||| Stepping ~*~*~tactically~*~*~ (hiding).
 47493 | Vaults:5 | 47493 ||| Stepping ~*~*~tactically~*~*~ (hiding).
 47527 | Vaults:5 | 47527 ||| INVOKING Heroism.
 47565 | Vaults:5 | Identified the +3 scale mail of Hudegei {+Inv Str+2 Dex+3}
 47567 | Vaults:5 | Identified the staff of earth "Igilum" {rN+ Will- Int+3}
 47617 | Vaults:5 | 47617 ||| Stepping ~*~*~tactically~*~*~ (hiding).
 47626 | Vaults:5 | 47626 ||| INVOKING Heroism.
 47643 | Vaults:5 | 47643 ||| Stepping ~*~*~tactically~*~*~ (hiding).
 47644 | Vaults:5 | 47644 ||| Stepping ~*~*~tactically~*~*~ (hiding).
 47683 | Vaults:5 | 47683 ||| INVOKING Heroism.
 47735 | Vaults:5 | 47735 ||| Stepping ~*~*~tactically~*~*~ (hiding).
 47769 | Vaults:5 | Noticed a golden dragon
 47770 | Vaults:5 | 47770 ||| INVOKING Heroism.
 47779 | Vaults:5 | Killed a golden dragon
 47779 | Vaults:5 | Received a gift from Okawaru
 47800 | Vaults:5 | Got a silver rune of Zot
 47803 | Vaults:5 | Identified the staff of fire "Zyonej" {rPois rF+}
 47849 | Vaults:5 | 47849 ||| Stepping ~*~*~tactically~*~*~ (stealth).
 47872 | Vaults:5 | 47872 ||| READING scroll of enchant weapon.
 47872 | Vaults:5 | 47872 ||| ENCHANTING +4 spectral broad axe.
 47913 | Vaults:5 | Noticed an ancient lich
 47914 | Vaults:5 | 47914 ||| INVOKING Heroism.
 47923 | Vaults:5 | Killed an ancient lich
 48006 | Vaults:5 | 48006 ||| INVOKING Heroism.
 48043 | Vaults:5 | 48043 ||| INVOKING Heroism.
 48051 | Vaults:5 | Reached XP level 24. HP: 168/168 MP: 29/30
 48148 | Vaults:5 | 48148 ||| INVOKING Heroism.
 48258 | Vaults:5 | 48258 ||| PLANNING SHOPPING SPREE
 48258 | Vaults:5 | 48258 ||| UPGRADING to +4 pair of boots of the Jumping Gods
                  | {rF+ rC+ Dex+5}.
 48268 | Vaults:5 | 48268 ||| DROPPING +0 scale mail of Sophism {rF+++ rN+
                  | Will++ Dex-5}.
 48269 | Vaults:5 | 48269 ||| UPGRADING to +0 gold dragon scales.
 48279 | Vaults:5 | 48279 ||| DROPPING +0 fire dragon scales.
 48280 | Vaults:5 | 48280 ||| UPGRADING to +2 cloak of willpower.
 48290 | Vaults:5 | 48290 ||| DROPPING +2 cloak.
 48291 | Vaults:5 | 48291 ||| DROPPING scarf of shadows.
 48292 | Vaults:5 | 48292 ||| DROPPING +1 fire dragon scales.
 48293 | Vaults:5 | 48293 ||| DROPPING +6 ring of intelligence.
 48302 | Vaults:5 | 48302 ||| Stepping ~*~*~tactically~*~*~ (hiding).
 48305 | Vaults:5 | 48305 ||| INVOKING Heroism.
 48309 | Vaults:5 | 48309 ||| Stepping ~*~*~tactically~*~*~ (hiding).
 48510 | Vaults:1 | 48510 ||| BUYING steaming chain mail (294 gold).
 48510 | Vaults:1 | Bought a steaming chain mail for 294 gold pieces
 48510 | Vaults:1 | Identified the +4 chain mail of Weightlessness {rF+ Regen+
                  | Str+2} (You bought it in a shop on level 1 of the Vaults)
 48510 | Vaults:1 | 48510 ||| UPGRADING to +4 chain mail of Weightlessness {rF+
                  | Regen+ Str+2}.
 48822 | Snake:4  | 48822 ||| BUYING wand of digging (6) (403 gold).
 48822 | Snake:4  | Bought a wand of digging (6) for 403 gold pieces
 48822 | Snake:4  | 48822 ||| CLEARING SHOPPING LIST
 48822 | Snake:4  | 48822 ||| PLANNING ZOT:1-4
 49175 | Zot:1    | Entered Level 1 of the Realm of Zot
 49217 | Zot:1    | 49217 ||| INVOKING Heroism.
 49252 | Zot:1    | 49252 ||| Stepping ~*~*~tactically~*~*~ (stealth).
 49253 | Zot:1    | 49253 ||| Stepping ~*~*~tactically~*~*~ (stealth).
 49254 | Zot:1    | 49254 ||| INVOKING Heroism.
 49280 | Zot:1    | 49280 ||| Stepping ~*~*~tactically~*~*~ (hiding).
 49321 | Zot:1    | 49321 ||| INVOKING Heroism.
 49324 | Zot:1    | Noticed an orb of fire
 49325 | Zot:1    | 49325 ||| DRINKING 10 potions of resistance.
 49327 | Zot:1    | Noticed a curse toe
 49330 | Zot:1    | 49330 ||| DRINKING 9 potions of resistance.
 49335 | Zot:1    | Killed an orb of fire
 49335 | Zot:1    | Received a gift from Okawaru
 49347 | Zot:1    | Killed a curse toe
 49347 | Zot:1    | Received a gift from Okawaru
 49348 | Zot:1    | Reached skill level 9 in Dodging
 49442 | Zot:1    | 49442 ||| INVOKING Heroism.
 49509 | Zot:1    | 49509 ||| Stepping ~*~*~tactically~*~*~ (hiding).
 49661 | Zot:1    | 49661 ||| INVOKING Heroism.
 49755 | Zot:1    | 49755 ||| READING scroll of enchant weapon.
 49755 | Zot:1    | 49755 ||| ENCHANTING +5 spectral broad axe.
 49787 | Zot:1    | 49787 ||| Stepping ~*~*~tactically~*~*~ (hiding).
 49791 | Zot:1    | 49791 ||| INVOKING Heroism.
 49881 | Zot:1    | 49881 ||| Stepping ~*~*~tactically~*~*~ (hiding).
 49920 | Zot:1    | 49920 ||| Stepping ~*~*~tactically~*~*~ (hiding).
 49922 | Zot:1    | 49922 ||| Stepping ~*~*~tactically~*~*~ (hiding).
 49923 | Zot:1    | 49923 ||| INVOKING Heroism.
 49968 | Zot:1    | 49968 ||| Stepping ~*~*~tactically~*~*~ (hiding).
 49972 | Zot:1    | 49972 ||| INVOKING Heroism.
 49980 | Zot:1    | Received a gift from Okawaru
 50052 | Zot:1    | 50052 ||| INVOKING Heroism.
 50386 | Zot:2    | 50386 ||| STAIRDANCE
 50493 | Zot:2    | 50493 ||| STAIRDANCE
 50503 | Zot:2    | 50503 ||| STAIRDANCE
 50533 | Zot:2    | 50533 ||| INVOKING Heroism.
 50543 | Zot:2    | Gained mutation: You are weak. (Str -2) [mutagenic glow]
 50566 | Zot:2    | Gained mutation: You occasionally lose the ability to read
                  | scrolls when taking damage. [mutagenic glow]
 50569 | Zot:2    | 50569 ||| DRINKING 14 potions of mutation.
 50569 | Zot:2    | Lost mutation: You are weak. (Str -2) [potion of mutation]
 50569 | Zot:2    | Lost mutation: You occasionally lose the ability to read
                  | scrolls when taking damage. [potion of mutation]
 50569 | Zot:2    | Gained mutation: You are strong-willed. (Will+) [potion of
                  | mutation]
 50569 | Zot:2    | Gained mutation: You are dopey. (Int -2) [potion of
                  | mutation]
 50575 | Zot:2    | Gained mutation: You have hidden genetic defects.
                  | [mutagenic glow]
 50578 | Zot:2    | 50578 ||| Stepping ~*~*~tactically~*~*~ (hiding).
 50585 | Zot:2    | Reached skill level 23 in Fighting
 50624 | Zot:2    | 50624 ||| Stepping ~*~*~tactically~*~*~ (stealth).
 50625 | Zot:2    | 50625 ||| INVOKING Heroism.
 50748 | Zot:2    | 50748 ||| Stepping ~*~*~tactically~*~*~ (stealth).
 50773 | Zot:2    | 50773 ||| INVOKING Heroism.
 50780 | Zot:2    | Received a gift from Okawaru
 50799 | Zot:2    | 50799 ||| Stepping ~*~*~tactically~*~*~ (hiding).
 50893 | Zot:2    | 50893 ||| INVOKING Heroism.
 51139 | Zot:2    | 51139 ||| DROPPING 37 boomerangs.
 51140 | Zot:2    | 51140 ||| DROPPING 8 silver boomerangs.
 51141 | Zot:2    | 51141 ||| DROPPING 6 boomerangs of dispersal.
 51159 | Zot:3    | 51159 ||| INVOKING Heroism.
 51174 | Zot:3    | 51174 ||| STAIRDANCE
 51177 | Zot:2    | HP: 40/171 [something (17)]
 51178 | Zot:2    | 51178 ||| READING 13 scrolls of teleportation.
 51179 | Zot:2    | 51179 ||| DRINKING potion of heal wounds.
 51180 | Zot:2    | HP: 3/171 [green draconian monk (22)]
 51180 | Zot:2    | Mangled by a green draconian monk

Levels and vault maps discovered:
D:1:      amcnicky_arrival_choice, layout_rooms, basic_ecumenical_altar,
          minmay_hexomino_r4
D:2:      layout_basic
D:3:      layout_loops_ring, amethyst_overflow_temple_binary,
          minmay_misc_feat_encased, uniq_jessica, uniq_ijyb, uniq_natasha
D:4:      layout_basic, minmay_temple_entry_junction, gup_sewer_entry_pipe,
          nicolae_elevator_lobby_plus
D:5:      layout_loops_corners, guppyfry_early_lair_pool
D:6:      layout_loops_ring, ebering_ghost_sewer_d, st_stairs_7
D:7:      layout_loops_ring, minmay_misc_feat_enclosed,
          david_defended_altar_orc, uniq_crazy_yiuf_cottage
D:8:      layout_cave_pods, bloody_makhleb, cheibrodos_worm_habitat,
          mainiacjoe_overflow_concentric_impassable,
          nicolae_overflow_two_pavilions
D:9:      layout_roguey, erik_lair_island, enter_bailey_3,
          kennysheep_another_room, grunt_decor_one_mirror, serial_bayou_pond_d
D:10:     layout_rooms, overflow_temple_1_default, marbit_many_paths,
          orc_0_dummy, uniq_erolcha
D:11:     layout_stronghold, evilmike_ruin_ashenzari
D:12:     layout_long_grid, special_room [special_room_orc], zin_statuary,
          uniq_nergalle, uniq_kirke
D:13:     layout_irregular_city, uniq_lodul
D:14:     layout_cave_pods, erik_vaults_1, gammafunk_ghost_split,
          nicolae_gozag_zags_fifth_avenue, uniq_louise
D:15:     gammafunk_depths_entry_grave, layout_loops_ring,
          nicolae_trove_entry_diagonal
Temple:   hellmonk_temple_divided_pantheon
Lair:1:   layout_hall_layers, portal_ice_cave_entry_imps, grunt_megastairs_2
Lair:2:   layout_chaotic_city, serial_bayou_shore_a, lemuel_fruit_fields,
          uniq_gastronok
Lair:3:   layout_long_grid, shoals_dummy_entry,
          minmay_snake_entry_guardpost_small, kennysheep_rathole,
          lemuel_fruit_fields
Lair:4:   layout_loops_ring, slime_entry_1, chequers_serial_rivers_room_b,
          nzn_sisyphean_effort, infiniplex_staircase_pool_2
Lair:5:   minmay_lair_end_enchanted_forest, layout_hall_layers,
          chequers_serial_rivers_marsh, chequers_serial_rivers_micro_b,
          cheibrodos_lair_lostbears
Shoals:1: layout_shoals
Shoals:2: layout_shoals, nicolae_shoals_dead_sea_scrolls
Shoals:3: layout_shoals, nicolae_shoals_abyss_on_the_beach, uniq_polyphemus,
          uniq_jorgrun
Shoals:4: shoals_end_simple, layout_shoals, shoals_ilsuiw_alternative,
          uniq_nikola
Snake:1:  layout_gridlike, serial_corexii_hall, corexii_hall_statues_l,
          chequers_hall_statues_y, chequers_hall_statues_corner_a,
          chequers_hall_statues_y, nicolae_snake_salamander_zone, uniq_asterion
Snake:2:  layout_gridlike, serial_shops, shop, minmay_shoptagon, uniq_aizul
Snake:3:  layout_grid_maze, serial_shops, nicolae_shop_gaudy_bauble,
          gammafunk_ghost_grave, uniq_vashnia
Snake:4:  hellmonk_snake_rune_quicksilver_temple, layout_chambers, serial_shops,
          shop, nicolae_lakefront_shop, nicolae_shop_tiny_real_fake_doors, shop,
          shop, serial_bayou_shore_b, uniq_bai_suzhen
Orc:1:    layout_caves, serial_shops, nicolae_shop_mannequins, shop, shop, shop,
          nicolae_shop_hallway_plus, trog_butcher_becter
Orc:2:    st_orc_rangers, layout_caves, uniq_saint_roka
Vaults:1: vaults_standard_mumra_enter_the_diamond, dpeg_vaults_waves,
          v_pattern_4, vaults_mumra_minichess, v_misc_2, grunt_vaults_diagonal,
          v_misc_29, v_alt_pattern_6, nicolae_vaults_prndl, v_misc_17,
          layout_vaults_omnibox, serial_shops, nicolae_shop_peninsula
Vaults:2: hangedman_vaults_restitches, v_misc_4,
          minmay_crypt_entry_simple_round, vaults_dpeg_spiral,
          nicolae_vaults_shipping_containers_3, nicolae_vaults_two_Ls, v_misc_4,
          layout_vaults_quadrants, uniq_jory
Vaults:3: hangedman_vaults_stagger, nicolae_vaults_big_ls,
          nicolae_vaults_fighting_squares, nicolae_vaults_swerve,
          nicolae_vaults_sightless_eye, vaults_standard_mumra_enter_the_diamond,
          hangedman_vaults_trim, nicolae_vaults_oval_intersection, v_misc_17,
          nicolae_vaults_closet_pinwheel_1, nicolae_vaults_gold_heap,
          nicolae_vaults_house_3, nicolae_vaults_little_squares_4, v_misc_22,
          nicolae_vaults_rhombus_5, layout_vaults_big_cross, serial_shops,
          nicolae_shop_tiny_real_fake_doors
Vaults:4: nicolae_vaults_trapezoid_lopsided_1, ontoclasm_vaults_ring_large,
          ontoclasm_vaults_pinch, dpeg_vaults_pockets_of_resistance,
          vaults_room_door_ring, nicolae_vaults_closet_pinwheel_5,
          nicolae_vaults_surprise_closet, nicolae_vaults_yaktaur_gun_rack,
          vaults_room_semicircle, layout_vaults_chaotic_city
Vaults:5: serial_shops
Depths:1: layout_big_octagon, hell_entry, grunt_decor_clamped, okawaru_trees_2
Depths:2: minmay_the_grid_square_5x5_3x3 [minmay_the_grid_square_5x5_comb,
          minmay_the_grid_square_5x5_beaten_path,
          minmay_the_grid_square_5x5_fancy_junction,
          minmay_the_grid_square_5x5_six,
          minmay_the_grid_square_5x5_megaprize_crossed,
          minmay_the_grid_square_5x5_inner_i,
          minmay_the_grid_square_5x5_bracketed,
          minmay_the_grid_square_5x5_inner_z, minmay_the_grid_square_5x5_c],
          layout_gridlike, grunt_mini_vestibule,
          nicolae_qazlal_eye_of_the_storm, pan_entry, lemuel_flame_loot_1
Depths:3: hangedman_cross_stitches, layout_cave_shapes, hangedman_coc_ice_floe,
          nicolae_abyss_entry_one_way_or_another, rand_demon_pan_entry_8,
          infiniplex_staircase_split_hallway, uniq_margery
Depths:4: evilmike_zot_entry_basic, layout_cave_shapes, enter_ziggurat_d,
          hell_entry, hangedman_decor_slide_cut, infiniplex_staircase_pool_lava,
          grunt_megastairs_1, serial_bayou_shore_b
Zot:1:    layout_gridlike, zot_minivault_8
Zot:2:    layout_misc_corridors
Zot:3:    layout_misc_corridors, grunt_megastairs_3

Skill      XL: |  1  2  3  4  5  6  7  8  9 10 11 12 13 14 15 16 17 18 19 20 21 22 23 24 |
---------------+-------------------------------------------------------------------------+-----
Axes           | 2 3 4 5 6 7 8 10 11 12 13 14 15 16 18 | 18.0
Fighting       | 4 5 6 7 9 10 11 12 13 15 17 18 20 21 22 23 | 23.3
Armour         | 4 6 7 9 10 11 12 13 14 15 17 18 19 21 | 21.0
Dodging        | 1 2 3 4 5 6 10 | 10.0
Throwing       | 1 2 4 6 7 8 9 10 11 12 13 | 13.1
Invocations    | 2 4 5 9 10 | 10.1
Shields        | 4 5 6 7 9 15 17 18 19 20 21 22 | 22.0

Action                     |  1- 3 |  4- 6 |  7- 9 | 10-12 | 13-15 | 16-18 | 19-21 | 22-24 || total
---------------------------+-------+-------+-------+-------+-------+-------+-------+-------++-------
  Melee: War axe           |   126 |   143 |   132 |       |       |     9 |       |       ||   410
         Broad axe         |       |       |   304 |   430 |  1123 |  1064 |  1057 |  1034 ||  5012
  Throw: Boomerang         |       |    31 |   112 |    60 |    55 |       |     2 |       ||   260
         Javelin           |       |       |       |       |   126 |    82 |   130 |   118 ||   456
 Invoke: Heroism           |       |       |    11 |    18 |    37 |    33 |    24 |    41 ||   164
         Finesse           |       |       |       |     2 |     6 |     3 |    11 |     3 ||    25
    Use: Scroll            |     9 |     2 |    11 |     4 |    11 |     8 |     3 |     6 ||    54
         Potion            |     2 |     1 |     3 |     1 |     3 |     1 |     1 |     7 ||    19
   Stab: Distracted        |       |       |     1 |       |       |    17 |    19 |    27 ||    64
 Armour: Scale mail        |    54 |       |       |       |       |       |       |       ||    54
         Chain mail        |    28 |    87 |       |       |       |       |       |   155 ||   270
         Plate armour      |       |    48 |   328 |   279 |   608 |   341 |   203 |   233 ||  2040
         Skin              |       |    18 |       |       |       |       |       |       ||    18
         Gold dragon scale |       |       |       |       |       |       |       |     1 ||     1
  Dodge: Dodged            |    46 |    43 |   152 |   170 |   288 |   150 |   109 |   348 ||  1306
  Block: Buckler           |    28 |    24 |    79 |    88 |   105 |       |       |       ||   324
         Kite shield       |       |       |       |       |    76 |       |       |       ||    76
         Reflection        |       |       |       |       |     2 |       |       |       ||     2
         Tower shield      |       |       |       |       |   386 |  1086 |   777 |  1039 ||  3288

Table legend:
 A = Non-vault XP
 B = Vault XP
 C = Vault XP percentage of total XP
 D = Non-vault monster count
 E = Vault monster count
 F = Vault count percentage of total count
                 A         B        C        D         E       F
            +---------+---------+-------+---------+---------+-------
      Total |  528087 |  424589 |  44.6 |    1070 |     654 |  37.9
            +---------+---------+-------+---------+---------+-------
        D:1 |      33 |       8 |  19.5 |      19 |       5 |  20.8
        D:2 |      21 |       0 |   0.0 |      11 |       0 |   0.0
        D:3 |     217 |     108 |  33.2 |      19 |       3 |  13.6
        D:4 |     397 |       8 |   2.0 |      23 |       4 |  14.8
        D:5 |    1313 |      39 |   2.9 |      29 |       3 |   9.4
        D:6 |     304 |     131 |  30.1 |      17 |       1 |   5.6
        D:7 |     357 |     125 |  25.9 |       8 |       3 |  27.3
        D:8 |     889 |      50 |   5.3 |      17 |       2 |  10.5
        D:9 |    4793 |     542 |  10.2 |      37 |      10 |  21.3
       D:10 |    3479 |     937 |  21.2 |      27 |       2 |   6.9
       D:11 |    2343 |       0 |   0.0 |       6 |       0 |   0.0
       D:12 |    7720 |    4556 |  37.1 |      30 |      23 |  43.4
       D:13 |    4325 |    1718 |  28.4 |      14 |       9 |  39.1
       D:14 |   15672 |    2872 |  15.5 |      33 |       3 |   8.3
       D:15 |    9350 |    5461 |  36.9 |      18 |       8 |  30.8
     Lair:1 |    2443 |    1076 |  30.6 |       9 |      17 |  65.4
     Lair:2 |    4801 |    1523 |  24.1 |      15 |       1 |   6.2
     Lair:3 |    9078 |     839 |   8.5 |      24 |      16 |  40.0
     Lair:4 |    3523 |     838 |  19.2 |       9 |       1 |  10.0
     Lair:5 |   12134 |    9132 |  42.9 |      40 |      46 |  53.5
   Shoals:1 |   11391 |       0 |   0.0 |      23 |       0 |   0.0
   Shoals:2 |   11337 |       0 |   0.0 |      21 |       0 |   0.0
   Shoals:3 |    9557 |    4831 |  33.6 |      19 |       5 |  20.8
   Shoals:4 |    5342 |   29519 |  84.7 |      13 |      42 |  76.4
    Snake:1 |   10896 |   10207 |  48.4 |      27 |      17 |  38.6
    Snake:2 |   22085 |    1183 |   5.1 |      43 |       1 |   2.3
    Snake:3 |   20268 |    6971 |  25.6 |      41 |       6 |  12.8
    Snake:4 |   16377 |   21306 |  56.5 |      34 |      25 |  42.4
      Orc:1 |    1434 |     244 |  14.5 |      32 |       4 |  11.1
      Orc:2 |    1073 |   10106 |  90.4 |      11 |      51 |  82.3
   Vaults:1 |   22973 |   28350 |  55.2 |      31 |      36 |  53.7
   Vaults:2 |   22695 |   19636 |  46.4 |      37 |      25 |  40.3
   Vaults:3 |   31839 |   23768 |  42.7 |      48 |      31 |  39.2
   Vaults:4 |   21134 |   32433 |  60.5 |      29 |      38 |  56.7
   Vaults:5 |   28316 |  115921 |  80.4 |      37 |      93 |  71.5
   Depths:1 |   34787 |       0 |   0.0 |      44 |       0 |   0.0
   Depths:2 |   31082 |   21463 |  40.8 |      35 |      19 |  35.2
   Depths:3 |   15411 |   27031 |  63.7 |      16 |      24 |  60.0
   Depths:4 |   39254 |   13500 |  25.6 |      48 |      12 |  20.0
      Zot:1 |   44606 |   27987 |  38.6 |      38 |      20 |  34.5
      Zot:2 |   36662 |       0 |   0.0 |      32 |       0 |   0.0
      Zot:3 |    6376 |       0 |   0.0 |       6 |       0 |   0.0
      Sewer |       0 |     170 | 100.0 |       0 |      48 | 100.0
            +---------+---------+-------+---------+---------+-------
